 Dungeon Crawl Stone Soup version 0.31.0 (webtiles) character file.

Game seed: 12001948112201113929

17641994 Suckerboh the Bringer of Light (level 27, 199/199 HPs)
             Began as a Gargoyle Fighter on Jan 19, 2024.
             Was the Champion of the Shining One.
             Escaped with the Orb
             ... and 15 runes
             ... and 3 gems on Jan 20, 2024!
             The game lasted 04:37:51 (89301 turns).

Suckerboh the Bringer of Light (Gargoyle Fighter)  Turns: 89301, Time: 04:37:51

Health: 199/199    AC: 76    Str: 47    XL:     27
Magic:  44/44      EV: 18    Int: 12    God:    the Shining One [******]
Gold:   13806      SH: 27    Dex: 11    Spells: 26/26 levels left

rFire   + + +        b - +9 sacred scourge (holy)
rCold   + + +        y - +5 Storm Queen's Shield {shock, Fly rElec}
rNeg    + + +        k - +9 scales of the Dragon King {rPois rF+ rC+ Will+}
rPois   ∞            K - +1 helmet "Tatason" {Regen+ Str+5 Dex+2 SInv}
rElec   +            X - +2 cloak of Indomitability {rElec rF++ rCorr Int-3}
rCorr   +            z - +2 pair of gloves "Eskaeshant" {+Inv Str+7 Dex-3 Stlth+}
SInv    +            Z - +2 pair of boots {Stlth+}
Will    +++..        r - amulet of reflection Stlth
                     Q - ring "Taerisoi" {AC+4 Int+8}
HPRegen 2.13/turn    V - ring "Kimm" {rF+ rC++ rCorr Int-4 Dex+2}
MPRegen 0.29/turn

%: random rage (3%), reflection
@: flying, glowing, studying 3 skills
A: sickness immunity, AC +20, big wings, negative energy resistance 1,
electricity resistance, torment resistance 1, petrification resistance, thin
skeletal structure 1, berserk 1, deterioration 1, high MP 1, regeneration 1,
strong 1, subdued magic 1
0: Orb of Zot
}: 15/15 runes: serpentine, barnacled, slimy, silver, golden, iron, obsidian,
icy, bone, abyssal, demonic, glowing, magical, fiery, dark
a: Renounce Religion, Evoke Invisibility, Divine Shield, Cleansing Flame, Summon
Divine Warrior


You escaped.
You worshipped the Shining One.
The Shining One was exalted by your worship.
You visited 18 branches of the dungeon, and saw 88 of its levels.
You visited Pandemonium 1 time, and saw 15 of its levels.
You visited the Abyss 7 times.
You visited 1 bazaar.
You also visited: Gauntlet and Wizlab.

You collected 20096 gold pieces.
You spent 6161 gold pieces at shops.
You donated 129 gold pieces to Zin.

Inventory:

Hand Weapons
 a - a +9 eveningstar of flaming
 b - a +9 sacred scourge of holy wrath (weapon)
 f - the +3 eveningstar "Aprag" {speed, +Blink rPois rF++ Will+}
   (You acquired it in Pandemonium)

   rF++:      It greatly protects you from fire.
   rPois:     It protects you from poison Will+: It increases your willpower.
   +Blink:    It lets you blink.
Missiles
 J - 13 curare-tipped darts
 S - 4 throwing nets
Armour
 k - the +9 scales of the Dragon King (worn) {rPois rF+ rC+ Will+}
   (You found it on level 3 of the Crypt)

   rF+:       It protects you from fire.
   rC+:       It protects you from cold.
   rPois:     It protects you from poison Will+: It increases your willpower.
 n - the +3 pair of seven-league boots {Rampage+∞}
   (You found it on level 3 of the Tomb of the Ancients)

   Rampage+∞: When moving toward enemies, its wearer moves as far as possible,
   alerting their target en route.
 y - the +5 Storm Queen's Shield (worn) {shock, Fly rElec}
   (You bought it in a shop in a bazaar)

   Shock:     When it blocks an attack, it may electrocute the attacker.
   This works even against foes who are a short distance away.
   rElec:     It insulates you from electricity.
   Fly:       It grants you flight.
 z - the +2 pair of gloves "Eskaeshant" (worn) {+Inv Str+7 Dex-3 Stlth+}
   (You found it on level 3 of the Elven Halls)

   Str+7:     It affects your strength (+7).
   Dex-3:     It affects your dexterity (-3).
   +Inv:      It lets you turn invisible.
   Stlth+:    It makes you more stealthy.
 D - a scarf of repulsion
 K - the +1 helmet "Tatason" (worn) {Regen+ Str+5 Dex+2 SInv}
   (You found it on level 1 of the Elven Halls)

   Str+5:     It affects your strength (+5).
   Dex+2:     It affects your dexterity (+2).
   SInv:      It lets you see invisible.
   Regen+:    It increases your rate of health regeneration.
 L - the +12 plate armour of Okygac Xule {rC+ rCorr Stlth+}
   (You bought it in a shop on level 2 of the Orcish Mines)

   rC+:       It protects you from cold.
   rCorr:     It protects you from acid and corrosion.
   Stlth+:    It makes you more stealthy.
 X - the +2 cloak of Indomitability (worn) {rElec rF++ rCorr Int-3}
   (You found it on level 3 of the Elven Halls)

   Int-3:     It affects your intelligence (-3).
   rF++:      It greatly protects you from fire.
   rElec:     It insulates you from electricity.
   rCorr:     It protects you from acid and corrosion.
 Z - a +2 pair of boots of stealth (worn)
Jewellery
 i - the amulet of the Median {Regen+ Dex+2 Stlth+}
   (You found it on level 5 of the Vaults)

   [amulet of regeneration]

   Dex+2:     It affects your dexterity (+2).
   Regen+:    It increases your rate of health regeneration.
   Stlth+:    It makes you more stealthy.
 r - an amulet of reflection (around neck)
 v - a +5 ring of evasion
 H - a +5 ring of evasion
 Q - the ring "Taerisoi" (left hand) {AC+4 Int+8}
   (You found it on level 2 of the Depths)

   [ring of protection]

   AC+4:      It affects your AC (+4).
   Int+8:     It affects your intelligence (+8).
 V - the ring "Kimm" (right hand) {rF+ rC++ rCorr Int-4 Dex+2}
   (You found it on level 8 of the Dungeon)

   [ring of protection from fire]

   Int-4:     It affects your intelligence (-4).
   Dex+2:     It affects your dexterity (+2).
   rF+:       It protects you from fire.
   rC++:      It greatly protects you from cold.
   rCorr:     It protects you from acid and corrosion.
 W - the ring "Cyfug" {Fire +Blink rN++ Will+}
   (You found it on level 3 of the Crypt)

   [ring of fire]

   Fire:      It enhances your fire magic.
   rF+:       It protects you from fire.
   rC-:       It makes you vulnerable to cold.
   rN++:      It greatly protects you from negative energy.
   Will+:     It increases your willpower.
   +Blink:    It lets you blink.
Wands
 c - a wand of flame (136)
 s - a wand of roots (101)
 I - a wand of digging (10)
 M - a wand of light (50)
 O - a wand of polymorph (12)
 P - a wand of charming (54)
 T - a wand of mindburst (61)
Scrolls
 e - 35 scrolls of teleportation
 h - 6 scrolls of vulnerability
 m - 4 scrolls of revelation
 o - 5 scrolls of silence
 p - 10 scrolls of fog
 q - 10 scrolls of poison
 t - 4 scrolls of butterflies
 B - 11 scrolls of blinking
 C - 9 scrolls of enchant armour
 G - 14 scrolls of fear
Potions
 d - 6 potions of might
 g - 6 potions of resistance
 j - 24 potions of curing
 u - 9 potions of enlightenment
 w - 3 potions of mutation
 x - 5 potions of cancellation
 A - 17 potions of ambrosia
 F - a potion of haste
 N - 8 potions of magic
 U - 8 potions of heal wounds
 Y - 5 potions of brilliance
Miscellaneous
 l - a sack of spiders
 E - a figurine of a ziggurat
 R - a phial of floods


   Skills:
 O Level 27 Fighting
 - Level 2.0(2.2) Short Blades
 - Level 1.3(1.9) Long Blades
 O Level 27 Maces & Flails
 - Level 1.1 Polearms
 - Level 1.0 Ranged Weapons
 - Level 1.7 Throwing
 O Level 27 Armour
 * Level 26.2 Dodging
 O Level 27 Shields
 - Level 2.4 Conjurations
 - Level 1.8 Hexes
 - Level 1.7 Summonings
 - Level 1.6 Necromancy
 - Level 1.4 Translocations
 - Level 1.5 Fire Magic
 - Level 1.8 Ice Magic
 - Level 1.4 Air Magic
 - Level 1.9 Earth Magic
 - Level 2.0 Alchemy
 O Level 27 Invocations
 * Level 22.7 Evocations
 - Level 1.4 Shapeshifting


You had 26 spell levels left.
You didn't know any spells.
Your spell library contained the following spells:

 Spells                   Type           Power      Damage    Failure   Level
 Sting                    Conj/Alch      16%        1d4       34%         1
 Foxfire                  Conj/Fire      12%        2x1d4     36%         1
 Kiss of Death            Conj/Necr      12%        2d6       36%         1
 Sandblast                Erth           6%         2d5       36%         1
 Shock                    Conj/Air       12%        1d3       36%         1
 Slow                     Hex            12%        N/A       38%         1
 Summon Small Mammal      Summ           12%        N/A       38%         1
 Necrotise                Necr           12%        1d4       41%         1
 Apportation              Tloc           4%         N/A       45%         1
 Ensorcelled Hibernation  Hex/Ice        6%         N/A       52%         2
 Jinxbite                 Hex            6%         N/A       52%         2
 Momentum Strike          Conj/Tloc      6%         3d8       52%         2
 Static Discharge         Conj/Air       6%         3-4/arc   52%         2
 Call Imp                 Summ           6%         N/A       54%         2
 Mercury Vapours          Alch/Air       6%         N/A       54%         2
 Lesser Beckoning         Tloc           4%         N/A       58%         2
 Dazzling Flash           Conj/Hex       6%         N/A       73%         3
 Stone Arrow              Conj/Erth      8%         3d7       73%         3
 Confusing Touch          Hex            3%         N/A       77%         3
 Mephitic Cloud           Conj/Alch/Air  3%         N/A       77%         3
 Ozocubu's Armour         Ice            3%         N/A       77%         3
 Passwall                 Erth           3%         N/A       77%         3
 Sigil of Binding         Hex            3%         N/A       77%         3
 Tukima's Dance           Hex            3%         N/A       77%         3
 Call Canine Familiar     Summ           3%         N/A       78%         3
 Summon Ice Beast         Ice/Summ       3%         N/A       78%         3
 Fugue of the Fallen      Necr           3%         N/A       80%         3
 Inner Flame              Hex/Fire       3%         N/A       80%         3
 Vampiric Draining        Necr           3%         2d6       80%         3
 Volatile Blastmotes      Fire/Tloc      4%         2d10      82%         3
 Gell's Gravitas          Tloc           2%         N/A       83%         3
 Swiftness                Air            2%         N/A       83%         3
 Teleport Other           Tloc           2%         N/A       83%         3
 Brom's Barrelling Bould  Conj/Erth      4%         2d3       98%         4
 Fulminant Prism          Conj/Alch      2%         3d5       98%         4
 Airstrike                Air            1%         2d(1-17)  99%         4
 Anguish                  Hex/Necr       1%         N/A       99%         4
 Animate Armour           Summ/Erth      6%         N/A       99%         4
 Cause Fear               Hex            1%         N/A       99%         4
 Dimensional Bullseye     Hex/Tloc       1%         N/A       99%         4
 Flame Wave               Conj/Fire      3%         2d5       99%         4
 Ignite Poison            Fire/Alch      3%         N/A       99%         4
 Iskenderun's Mystic Bla  Conj/Tloc      3%         2d3       99%         4
 Manifold Assault         Tloc           2%         N/A       99%         4
 Passage of Golubria      Tloc           2%         N/A       99%         4
 Sticky Flame             Fire/Alch      3%         2d4       99%         4
 Summon Blazeheart Golem  Fire/Summ      3%         N/A       99%         4
 Summon Lightning Spire   Summ/Air       2%         N/A       99%         4
 Vhi's Electric Charge    Tloc/Air       4%         N/A       99%         4
 Alistair's Intoxication  Alch           2%         N/A       100%        5
 Arcjolt                  Conj/Air       1%         1d11      100%        5
 Curse of Agony           Necr           3%         N/A       100%        5
 Fireball                 Conj/Fire      1%         3d3       100%        5
 Freezing Cloud           Conj/Ice/Air   1%         6-21      100%        5
 Irradiate                Conj/Alch      2%         3d12      100%        5
 Silence                  Hex/Air        1%         N/A       100%        5
 Summon Forest            Summ/Tloc      1%         N/A       100%        5
 Summon Mana Viper        Hex/Summ       3%         N/A       100%        5
 Yara's Violent Unravell  Hex/Alch       1%         3d3       100%        5
 Bombard                  Conj/Erth      2%         9d1       100%        6
 Dispersal                Tloc           1%         N/A       100%        6
 Eringya's Noxious Bog    Alch           1%         4d6       100%        6
 Plasma Beam              Fire/Air       1%         2x1d11    100%        6
 Sculpt Simulacrum        Ice/Alch       1%         N/A       100%        6
 Summon Cactus Giant      Summ           1%         N/A       100%        6
 Enfeeble                 Hex            1%         N/A       100%        7
 Monstrous Menagerie      Summ           1%         N/A       100%        7
 Ozocubu's Refrigeration  Ice            1%         4d7       100%        7
 Summon Hydra             Summ           1%         N/A       100%        7
 Disjunction              Tloc           1%         N/A       100%        8
 Lehudib's Crystal Spear  Conj/Erth      2%         10d2      100%        8
 Maxwell's Capacitive Co  Air            1%         ∞         100%        8
 Chain Lightning          Conj/Air       1%         3d2       100%        9
 Dragon's Call            Summ           1%         N/A       100%        9
 Fire Storm               Conj/Fire      1%         8d1       100%        9
 Polar Vortex             Ice            1%         N/A       100%        9
 Shatter                  Erth           1%         3d6*      100%        9
 Sublimation of Blood     Necr           Unusable   N/A       N/A         2

Dungeon Overview and Level Annotations

Branches:
Dungeon (15/15)            Temple (1/1) D:4            Lair (5/5) D:11
 Shoals (4/4) Lair:2        Snake (4/4) Lair:3        Slime (5/5) Lair:5
    Orc (2/2) D:9             Elf (3/3) Orc:2        Vaults (5/5) D:13
  Crypt (3/3) Vaults:2       Tomb (3/3) Crypt:3      Depths (4/4) D:15
   Hell (visited)             Dis (7/7) Hell            Geh (7/7) Hell
    Coc (7/7) Hell            Tar (7/7) Hell            Zot (5/5) Depths:4
 WizLab (visited)         Gauntlet (visited)

Altars:
Ashenzari
Cheibriados
Dithmenos
Elyvilon
Fedhas
Gozag
Hepliaklqana
Kikubaaqudgha
Makhleb
Nemelex Xobeh
Okawaru
Qazlal
Ru
Sif Muna
Trog
Uskayaw
Vehumet
Wu Jian
Xom
Yredelemnul
Zin
The Shining One
Jiyva
Lugonu

Shops:
D:8 *   D:9 (   D:12 ?   Orc:2 [:![   Elf:1 ?**?   Shoals:1 *   Shoals:3 :
Snake:3 :   Vaults:2 [=(   Vaults:4 :   Vaults:5 [

Portals:
Hell: Depths:1 Depths:2 Depths:3 Depths:4
Abyss: Depths:2 Depths:3 Depths:4
Pandemonium: Depths:2
Ziggurat: Depths:2

Annotations:
D:15 ZLogic's ghost, journeyman SpEn
Crypt:1 1 runed translucent door, Jetyrhek's ghost, veteran GrEE
Depths:4 1 runed translucent door


Innate Abilities, Weirdness & Mutations

You are immune to sickness and miasma.
Your stone body is resilient. (AC +20)
You are immune to poison.
Your large and strong wings let you fly.
You resist negative energy. (rN+)
You are resistant to electric shocks. (rElec)
You are resistant to unholy torment.
You are immune to petrification.
You have a somewhat thin skeletal structure. (Dex +2, Stealth+)
You sometimes lose your temper in combat.
Your body sometimes deteriorates upon taking damage.
You have an increased reservoir of magic. (+10% MP)
Your natural rate of healing is unusually fast.
Your muscles are strong. (Str +4, Int/Dex -1)
Your spells are a little easier to cast, but a little less powerful.


Message History

You kill the demonic crawler!
The Shining One accepts your kill. The hellephant breathes flames at you.
The blast of flame misses you.
Unknown command.
You thrash the hellephant!!
The hellephant convulses!
The hellephant is moderately wounded.
You punish the hellephant, causing immense pain!!!
The hellephant convulses!!!
The hellephant is almost dead.
You punish the hellephant, causing immense pain!!!
You kill the hellephant!
The Shining One accepts your kill.
You feel a strong urge to attack something.
You feel your anger nearly subside.
You are no longer berserk.
You are exhausted.
You feel yourself slow down.
There is an open door here.
There is a fountain of clear blue water here.
There is an open door here.
The frilled lizard hisses angrily.
You hear an angry hiss.
There is a stone staircase leading up here.
You fly upwards.
There is a stone staircase leading down here.
Unknown command.
You feel yourself speed up.
There is an escape hatch in the ceiling here.
A mysterious force pulls you upwards. The hatch slams shut behind you.
You recover from your berserk rage.
An Orb Guardian comes into view.
There is a stone staircase leading up here.
You block the Orb Guardian's attack.
Your shield discharges, shocking the Orb Guardian!
You fly upwards.
An ice devil and a chaos spawn come into view.
There is a stone staircase leading down here.
Unknown command.
The chaos spawn's eagle head screeches!
There is a staircase leading out of the dungeon here.
You have escaped!

#..#######################4....##
#........## ##.4##.....
#.........# ######### #......>...
..........###...8...###.......#..
..........##..8...8..##....#.#..#
..........#8.........8#...##.#.##
.............8..(..844....#..#...
[.........#8.........8#...#.##...
..........##..8.@.8..##...#.##...
..........###...8...###...#.##...
..#####...# ######### #.........#
### #..## ##........# ####
#####......# #..........#
#..........# #..........#
############


You could see an ice devil and a chaos spawn.

Vanquished Creatures
  Asmodeus (Geh:7)
  the Royal Jelly (Slime:5)
  Antaeus (Coc:7)
  Ereshkigal (Tar:7)
  Gloorx Vloq (Pan)
  the Serpent of Hell (Dis:7)
  Lom Lobon (Pan)
  A seraph (Tomb:3)
  7 dread liches
  Frederick (Depths:3)
  3 orbs of fire
  3 ancient liches
  Dispater (Dis:7)
  35 royal mummies
  Xtahua (Depths:4)
  3 Killer Klowns
  28 shard shrikes
  2 antique champions (WizLab)
  Geryon (Hell)
  2 curse toes
  35 caustic shrikes
  Nikola (Depths:1)
  The ghost of Imio the Warrior, an adept DgCj (Depths:2)
  9 golden dragons
  11 bone dragons
  Jory (Vaults:5)
  11 profane servitors
  12 pandemonium lords
  30 Tzitzimimeh
  An electric golem (Zot:5)
  8 iron giants
  16 Brimstone Fiends
  29 Ice Fiends
  17 doom hounds
  3 spectral shard shrikes
  25 Hell Sentinels
  13 tentacled monstrosities
  A shard shrike skeleton (Tomb:3)
  Jorgrun (Snake:2)
  9 hellephants
  23 tainted leviathans
  13 liches
  35 Orb Guardians
  12 titans
  4 deep elf master archers
  A deep elf blademaster (Elf:2)
  17 acid blobs
  Polyphemus (Shoals:3)
  13 sphinxes
  A kraken (Shoals:2)
  Frances (D:12)
  21 searing wretches
  28 Executioners
  31 ancient champions
  A quicksilver dragon (Zot:5)
  An eldritch tentacle (Pan)
  4 death cobs
  Aizul (Shoals:1)
  7 shadow dragons
  10 storm dragons
  5 tentacled starspawn
  9 protean progenitors
  11 azure jellies
  3 revenants
  2 fenstrider witches (Pan)
  22 fire giants
  7 rockslimes
  8 tengu reavers (Vaults:5)
  7 nagarajas
  3 daevas
  6 demonspawn warmongers
  5 draconian shifters
  14 quicksilver elementals
  A spectral caustic shrike (Tar:4)
  12 deep elf sorcerers
  49 balrugs
  6 narguns
  24 vault wardens
  7 iron dragons
  7 shard shrike simulacra
  6 draconian stormcallers
  A draconian scorcher (Zot:1)
  4 frost giants
  2 deep elf elementalists (Elf:3)
  5 curse skulls
  A spectral juggernaut (Tar:4)
  The ghost of vbillard the Devastator, a journeyman DECj of Hepliaklqana (Shoals:2)
  11 demonspawn corrupters
  2 ghost moths
  8 ghouls
  35 reapers
  A juggernaut zombie (Tomb:3)
  4 orc warlords
  21 cacodemons
  10 quicksilver oozes
  An angel (Tomb:3)
  5 draconian annihilators
  2 caustic shrike skeletons
  12 vampire knights
  15 very ugly things
  20 ironbound preservers
  The ghost of Pesoemm the Carver, a journeyman DsFi of Hepliaklqana (Elf:3)
  18 stone giants
  4 formless jellyfish
  9 demonspawn blood saints
  4 juggernaut skeletons
  28 elemental wellsprings
  15 deep elf death magi
  4 deep elf demonologists (Elf:3)
  21 putrid mouths
  11 demonspawn black suns
  A spectral titan (Tar:1)
  11 ironbound thunderhulks
  14 lorocyprocas
  3 red draconians
  3 minotaurs
  3 black draconians
  7 deep elf annihilators
  6 green draconians
  16 wendigos
  5 purple draconians
  8 bennus
  A bunyip (Abyss:3)
  7 yellow draconians
  16 dire elephants
  29 war gargoyles
  6 white draconians
  6 spark wasps (Depths:3)
  Azrael (D:12)
  10 blizzard demons
  16 iron golems
  Snorg (Lair:5)
  A crystal guardian (Vaults:4)
  8 eidola
  22 mummy priests
  8 fire dragons
  23 jiangshi
  2 spectral quicksilver dragons
  7 ettins
  10 green deaths
  3 merfolk javelineers
  6 merfolk impalers
  5 deep elf high priests
  A spectral iron giant (Tar:4)
  17 yaktaur captains
  3 spectral spriggans
  9 ice dragons
  A kraken zombie (Hell)
  Erolcha (Orc:2)
  10 great orbs of eyes
  14 hydras
  9 caustic shrike simulacra
  5 juggernaut simulacra
  37 vault guards
  An entropy weaver (Abyss:4)
  10 salamander tyrants
  8 hell beasts
  2 catoblepae
  7 rakshasas
  5 ogre magi
  A fenstrider witch skeleton (Crypt:2)
  5 peacekeepers
  2 alligator snapping turtles (Shoals:2)
  A spriggan air mage (Depths:4)
  3 boulder beetles
  3 jorogumos
  12 centaur warriors
  6 death knights
  A radroach (shapeshifter) (Depths:4)
  12 anacondas
  3 merfolk avatars
  A sphinx zombie (Vaults:4)
  6 ironbound frosthearts
  23 stokers
  5 spriggan skeletons
  A sphinx skeleton (Crypt:2)
  14 satyrs
  2 alligators (Pan)
  5 two-headed ogres
  32 dancing weapons
  6 deep troll shamans
  4 merfolk aquamancers
  A titan zombie (Crypt:1)
  10 naga warriors
  3 tengu warriors
  5 vampire magi
  A spectral stone giant (Tar:3)
  33 death scarabs
  2 spectral dire elephants
  2 spriggan berserkers (Depths:4)
  6 death yaks
  6 deep troll earth magi
  11 demonic crawlers
  13 naga sharpshooters
  3 spectral nagas
  A shock serpent (Snake:4)
  36 hell hogs
  17 thrashing horrors
  An occultist (Depths:1)
  3 spectral emperor scorpions (Pan)
  18 hell knights
  Urug (Lair:5)
  34 soul eaters
  74 sun demons
  A skyshark (shapeshifter) (Depths:4)
  Sonja (D:11)
  10 crystal echidnas
  33 skeletal warriors
  11 wretched stars
  6 iron trolls
  22 sixfirhies
  20 deep elf knights
  6 skysharks
  A spectral bunyip (Tar:1)
  26 shadow wraiths
  4 hellephant skeletons (Pan)
  5 sea snakes
  2 cherubim (Tomb:3)
  4 goliath frogs
  15 shadow demons
  9 glowing orange brains
  5 salamander mystics
  A ghost moth zombie (Crypt:1)
  A quicksilver dragon simulacrum (Coc:1)
  A snapping turtle (shapeshifter) (Elf:3)
  A bunyip zombie (Hell)
  8 arcanists
  7 flayed ghosts
  A spectral iron dragon (Tar:5)
  10 sun moths (Pan)
  64 deep trolls
  A glowing orange brain (shapeshifter) (Elf:3)
  5 naga ritualists
  11 deep elf archers
  A broodmother zombie (Crypt:1)
  6 mana vipers
  A tengu zombie (Vaults:1)
  18 phantasmal warriors
  5 spriggan simulacra
  10 lindwurms
  12 orc knights
  26 deep elf pyromancers
  29 deep elf zephyrmancers
  14 necromancers
  20 ironbound convokers
  3 harpies (shapeshifter)
  A golden dragon skeleton (Vaults:4)
  A fire giant zombie (Crypt:2)
  A wolf spider (D:15)
  An eleionoma zombie (Crypt:2)
  4 shining eyes
  36 harpies
  An oklob plant (Orc:1)
  4 cyclopes
  12 orc sorcerers
  2 shadow dragon skeletons
  25 fauns
  A will-o-the-wisp (Abyss:3)
  41 ugly things
  24 manticores
  16 moths of wrath
  A jorogumo skeleton (Crypt:2)
  2 worldbinders
  4 kobold blastminers (Orc:2)
  4 stone giant zombies
  42 large abominations
  18 salamanders
  14 rust devils
  A spectral ettin (Tar:1)
  10 merfolk sirens
  A spectral centaur (Crypt:3)
  10 elephants
  4 titan simulacra
  A fire giant skeleton (Crypt:1)
  26 black mambas
  A guardian serpent (shapeshifter) (Vaults:5)
  A meliai (shapeshifter) (Elf:3)
  52 smoke demons
  3 centaur zombies
  10 water nymphs
  2 ice statues (Hell)
  2 stone giant skeletons (WizLab)
  24 naga magi
  2 molten gargoyles (Hell)
  21 vault sentinels
  2 apocalypse crabs
  5 torpor snails
  4 gargoyles
  3 dire elephant skeletons
  24 orange demons
  11 unseen horrors
  8 komodo dragons
  Maggie (D:7)
  4 guardian serpents
  17 cane toads
  3 eyes of devastation
  A storm dragon simulacrum (WizLab)
  A rime drake (shapeshifter) (Elf:3)
  2 centaur skeletons
  A kobold demonologist (D:10)
  8 efreet
  7 freezing wraiths
  2 yaktaurs (shapeshifter) (Elf:3)
  30 tormentors
  28 hellions
  35 yaktaurs
  5 anaconda simulacra
  2 rime drakes
  2 ice devils
  2 golden dragon simulacra (Coc:7)
  A yaktaur skeleton (Vaults:2)
  36 guardian mummies
  2 bunyip simulacra
  An iron giant simulacrum (Coc:6)
  2 tengu conjurers
  6 trolls
  A human zombie (Vaults:1)
  9 ancient zymes
  2 spectral merfolk (Shoals:2)
  31 merfolk
  A queen bee (D:11)
  2 spectral harpies (Tar:4)
  A silent spectre (Abyss:3)
  A queen bee (shapeshifter) (D:13)
  8 wind drakes
  A polar bear (Lair:5)
  A troll (shapeshifter) (Elf:3)
  3 harpy zombies
  7 red devils
  2 tyrant leeches
  A hornet (D:6)
  3 hydra zombies (Hell)
  A death drake skeleton (Crypt:1)
  2 hydra skeletons (Hell)
  35 raiju
  A wind drake (shapeshifter) (Vaults:5)
  24 blink frogs
  A meliai zombie (Crypt:1)
  7 glass eyes
  16 hellwings
  15 dream sheep
  2 spectral manticores (Shoals:2)
  8 snapping turtles
  2 harpy skeletons
  3 ettin zombies
  Sigmund (D:2)
  4 iron dragon simulacra
  105 slime creatures
  5 air elementals
  An ettin skeleton (Crypt:1)
  18 ynoxinuls
  An elf skeleton (Vaults:1)
  19 shadows
  3 stone giant simulacra
  A naga simulacrum (Coc:6)
  4 vampires
  22 water elementals
  16 ushabtiu
  7 wraiths
  A spriggan (shapeshifter) (D:14)
  6 dire elephant simulacra
  6 fire bats
  3 fire elementals (D:12)
  3 wyverns
  Grum (D:10)
  3 basilisks
  57 yaks
  3 golden eyes (Slime:5)
  2 golden eyes (shapeshifter)
  4 wargs
  An alligator snapping turtle simulacrum (Coc:3)
  2 steam dragons (D:7)
  13 chaos spawn
  22 neqoxecs
  A sea snake simulacrum (Hell)
  A black mamba skeleton (Hell)
  42 nagas
  12 vampire mosquitoes
  A fire bat zombie (Crypt:1)
  A glowing shapeshifter zombie (Vaults:2)
  3 naga zombies
  A two-headed ogre zombie (WizLab)
  14 harpy simulacra
  Menkaure (D:7)
  5 acid dragons
  22 small abominations
  A glowing shapeshifter skeleton (Vaults:4)
  17 hell hounds
  16 water moccasins
  2 human skeletons
  A hydra simulacrum (Coc:5)
  A swamp dragon zombie (WizLab)
  2 ice beasts (D:5)
  A naga skeleton (Tomb:2)
  A two-headed ogre skeleton (WizLab)
  4 black bears
  22 orc warriors
  A sky beast (D:5)
  3 ettin simulacra
  22 ogres
  38 laughing skulls
  A black mamba simulacrum (Tomb:3)
  12 wolves
  4 boggarts (D:14)
  A tengu (shapeshifter) (Elf:3)
  3 phantoms
  11 centaurs
  4 kobold brigands
  2 weeping skulls (Crypt:3)
  A brain worm (Pan)
  6 gnoll sergeants
  A two-headed ogre simulacrum (WizLab)
  25 bullfrogs
  A cyclops zombie (WizLab)
  6 earth elementals
  5 necrophages
  11 scorpions
  4 burial acolytes (Crypt:3)
  A cyclops skeleton (WizLab)
  2 wights (Abyss:3)
  25 killer bees (D:11)
  3 merfolk simulacra (Shoals:2)
  A polar bear zombie (Crypt:1)
  A human simulacrum (Vaults:1)
  A manticore simulacrum (Shoals:2)
  6 howler monkeys
  An electric eel (Lair:5)
  A yak skeleton (Crypt:2)
  A bombardier beetle (D:5)
  3 crimson imps (Gauntlet)
  3 jellies
  2 iron imps
  2 gnoll boudas (D:8)
  14 orc priests
  15 hounds
  2 sleepcaps
  27 starcursed masses
  2 iguanas (D:5)
  Natasha (thrice) (D:2)
  37 orc wizards
  A black bear skeleton (Crypt:1)
  6 hell rats
  An acid dragon skeleton (Crypt:1)
  28 mummies
  21 gnolls
  10 river rats (Lair:1)
  11 adders
  6 shadow imps
  A steam dragon skeleton (Crypt:2)
  2 white imps
  4 ufetubi (D:5)
  3 dart slugs
  5 ribbon worms
  71 orcs
  8 ball pythons
  8 endoplasms
  5 giant cockroaches
  4 goblins
  11 hobgoblins
  7 quokkas
  8 bats
  6 frilled lizards
  25 kobolds
  4 rats
  2 aspiring fleshes
  2 creeping infernos
  3 fire vortices
  A lurking horror (Abyss:3)
  2 starspawn tentacles (Abyss:4)
  2 tentacles (Hell)
4277 creatures vanquished.

Vanquished Creatures (collateral kills)
  Cerebov (Pan)
  Mnoleg (Pan)
  2 Ice Fiends
  A fire giant (Depths:4)
  A shard shrike simulacrum (Coc:7)
  A green death (Pan)
  A caustic shrike simulacrum (Coc:7)
  A naga warrior (Snake:2)
  2 soul eaters (Pan)
  2 sun demons (Pan)
  2 sun moths (Pan)
  A black mamba (Snake:2)
  A salamander (Snake:2)
  A rust devil (Tomb:3)
  2 tormentors
  An anaconda simulacrum (Coc:7)
  A hellwing (Pan)
  A ynoxinul (Pan)
  2 nagas (Snake:2)
  A chaos spawn (Pan)
  A white imp (Abyss:2)
27 creatures vanquished.

Vanquished Creatures (others)
  A shard shrike (Coc:7)
  An Ice Fiend (Coc:5)
  A Hell Sentinel (Dis:7)
  A tentacled starspawn (Abyss:4)
  3 fire giants
  A vault warden (Vaults:5)
  A shard shrike simulacrum (Coc:7)
  A demonspawn blood saint (Pan)
  A caustic shrike zombie (Tomb:2)
  2 juggernaut simulacra
  A caustic shrike simulacrum (Coc:7)
  A stoker (Geh:7)
  A death scarab (Tomb:2)
  A sun demon (Pan)
  A deep elf knight (Elf:3)
  2 quicksilver dragon simulacra (Coc:7)
  2 spriggan simulacra
  A manticore (Shoals:4)
  2 smoke demons (Pan)
  2 titan simulacra (Coc:7)
  13 hellions (Pan)
  An orange demon (Pan)
  A yaktaur (Vaults:4)
  An anaconda simulacrum (Coc:7)
  An iron giant simulacrum (Coc:7)
  2 merfolk
  A hellwing (Pan)
  A raiju (Abyss:4)
  2 dire elephant simulacra
  A neqoxec (Pan)
  A chaos spawn (Pan)
  4 harpy simulacra
  A hydra simulacrum (Coc:2)
  2 ettin simulacra
  An orc wizard (Orc:2)
  A mummy (Tomb:1)
  3 orcs
  9 creeping infernos
  5 fire vortices
  8 foxfires (Abyss:3)
  5 lurking horrors
  16 starspawn tentacles
  6 tentacles
113 creatures vanquished.

Grand Total: 4417 creatures vanquished

Notes
Turn   | Place    | Note
-------+----------+-------------------------------------------
     0 | D:1      | Suckerboh the Gargoyle Fighter began the quest for the Orb.
     0 | D:1      | Reached XP level 1. HP: 14/14 MP: 1/1
    59 | D:1      | Reached XP level 2. HP: 13/19 MP: 2/2
   289 | D:1      | Reached XP level 3. HP: 22/23 MP: 3/3
   520 | D:2      | Noticed Natasha
   520 | D:2      | Found a faded altar of an unknown god.
   530 | D:2      | Killed Natasha
   531 | D:2      | Reached XP level 4. HP: 21/28 MP: 4/4
   663 | D:2      | Noticed Natasha
   672 | D:2      | Killed Natasha
   822 | D:2      | Noticed Sigmund
   840 | D:2      | Killed Sigmund
   841 | D:2      | Reached XP level 5. HP: 15/33 MP: 5/5
   841 | D:2      | Reached XP level 6. HP: 17/38 MP: 6/6
  1008 | D:2      | Reached skill level 1 in Dodging
  1195 | D:2      | Noticed Natasha
  1202 | D:2      | Killed Natasha
  1203 | D:2      | Reached skill level 5 in Maces & Flails
  1936 | D:3      | Found a shimmering altar of Xom.
  2036 | D:3      | Reached XP level 7. HP: 43/43 MP: 7/7
  2497 | D:4      | Found a glowing silver altar of Zin.
  2946 | D:4      | Found a staircase to the Ecumenical Temple.
  2988 | Temple   | Entered the Ecumenical Temple
  3083 | D:4      | Became a worshipper of Zin the Law-Giver
  3083 | D:4      | Reached * piety under Zin
  3092 | D:5      | Entered Level 5 of the Dungeon
  3441 | D:4      | Reached skill level 5 in Armour
  3441 | D:4      | Reached XP level 8. HP: 22/48 MP: 8/8
  4333 | D:5      | Reached skill level 5 in Shields
  4617 | D:5      | Reached skill level 5 in Fighting
  4720 | D:5      | Found a broken altar of Ashenzari.
  4741 | D:5      | Reached ** piety under Zin
  5150 | D:5      | Reached XP level 9. HP: 44/54 MP: 9/9
  5391 | D:6      | Noticed a hornet
  5410 | D:6      | HP: 2/54 [hornet (2)]
  5416 | D:6      | Killed a hornet
  5419 | D:6      | HP: 1/54 [scorpion (2)]
  6025 | D:6      | Noticed an unseen horror
  6084 | D:6      | Killed an unseen horror
  6085 | D:6      | Reached skill level 1 in Invocations
  6343 | D:7      | Noticed Maggie
  6361 | D:7      | Reached skill level 10 in Maces & Flails
  6379 | D:7      | Killed Maggie
  6380 | D:7      | Reached XP level 10. HP: 36/60 MP: 10/10
  6444 | D:7      | Noticed Menkaure
  6449 | D:7      | Killed Menkaure
  6502 | D:7      | Found an ornate altar of the Wu Jian Council.
  6903 | D:7      | Found a white marble altar of Elyvilon.
  6998 | D:7      | Found a basalt altar of Yredelemnul.
  7003 | D:7      | Reached *** piety under Zin
  7237 | D:7      | Found the +18 Lear's hauberk
  7961 | D:8      | Noticed a two-headed ogre
  7981 | D:8      | Killed a two-headed ogre
  8597 | D:8      | Found Biofal's Gadget Gallery.
  8643 | D:8      | Reached XP level 11. HP: 66/66 MP: 11/11
  8997 | D:8      | Reached **** piety under Zin
  9606 | D:9      | Found Acoowkei's Weapon Boutique.
  9608 | D:9      | Found a staircase to the Orcish Mines.
  9962 | D:9      | Found a stormy altar of Qazlal.
 10072 | D:9      | You fall into a shaft and drop 3 floors!
 10079 | D:12     | Reached ***** piety under Zin
 10192 | D:12     | Found a gate leading to a gauntlet.
 10199 | D:12     | Found Qejaupt's Magic Scroll Boutique.
 10251 | Gauntlet | Entered a Gauntlet
 10251 | Gauntlet | Found a transporter.
 10251 | Gauntlet | Found a transporter.
 10251 | Gauntlet | Found a runed translucent door.
 10252 | Gauntlet | Found a runed translucent door.
 10253 | Gauntlet | Noticed a sixfirhy
 10263 | Gauntlet | Found a transporter.
 10280 | Gauntlet | Found a transporter.
 10280 | Gauntlet | Found a transporter.
 10280 | Gauntlet | Found a transporter.
 10283 | Gauntlet | Found a transporter.
 10283 | Gauntlet | Found a transporter.
 10296 | Gauntlet | Found a transporter.
 10309 | Gauntlet | Noticed a sixfirhy
 10311 | Gauntlet | Found a transporter.
 10316 | Gauntlet | Noticed a sixfirhy
 10320 | Gauntlet | Found a runed translucent gate.
 10321 | Gauntlet | Found a transporter.
 10321 | Gauntlet | Found a runed translucent gate.
 10322 | Gauntlet | Found a runed translucent gate.
 10324 | Gauntlet | Noticed an obsidian statue
 10327 | Gauntlet | Found a transporter.
 10375 | Gauntlet | Found a transporter.
 10375 | Gauntlet | Noticed a shining eye
 10390 | Gauntlet | Found a transporter.
 10495 | Gauntlet | Killed a shining eye
 10854 | Gauntlet | Killed a sixfirhy
 10865 | Gauntlet | Killed a sixfirhy
 11009 | Gauntlet | Identified the amulet "Nikar" {RegenMP Str+2}
 11021 | Gauntlet | Got Urugauha's Book of Prime Transmogrification
 11088 | Gauntlet | Noticed a minotaur
 11107 | Gauntlet | Killed a minotaur
 11108 | Gauntlet | Reached XP level 12. HP: 25/72 MP: 12/12
 11385 | D:12     | Noticed Azrael
 11440 | D:12     | Killed Azrael
 11974 | D:11     | Found a staircase to the Lair.
 12086 | D:11     | Reached skill level 10 in Armour
 12168 | D:10     | Entered Level 10 of the Dungeon
 12247 | D:9      | Noticed a two-headed ogre
 12258 | D:9      | Killed a two-headed ogre
 12409 | D:10     | Reached skill level 10 in Shields
 12906 | D:10     | Noticed Grum
 12928 | D:10     | Killed Grum
 13081 | D:10     | Found a glowing golden altar of the Shining One.
 13525 | D:11     | Noticed Sonja
 13541 | Abyss:2  | Cast into level 2 of the Abyss (Sonja)
 13666 | Abyss:2  | Noticed a death knight
 13680 | Abyss:2  | Found a corrupted altar of Lugonu.
 13684 | Abyss:2  | Noticed a starcursed mass
 13688 | Abyss:2  | Noticed a wretched star
 13696 | Abyss:2  | Noticed a thrashing horror
 13698 | Abyss:2  | Noticed a thrashing horror
 13705 | Abyss:2  | Found a corrupted altar of Lugonu.
 13712 | D:11     | Escaped the Abyss
 13744 | D:11     | Killed Sonja
 14025 | D:11     | Reached skill level 1 in Evocations
 14126 | D:11     | Reached XP level 13. HP: 70/80 MP: 14/16
 14340 | Lair:1   | Entered Level 1 of the Lair of Beasts
 14620 | Lair:1   | Identified the +4 scale mail "Veicsyit" {rPois rCorr}
 15376 | Lair:1   | Reached skill level 5 in Invocations
 15764 | Lair:2   | Found a staircase to the Shoals.
 16698 | Lair:3   | Reached ****** piety under Zin
 16889 | Lair:3   | You fall into a shaft and drop 2 floors!
 16889 | Lair:5   | Entered Level 5 of the Lair of Beasts
 16936 | Lair:5   | Noticed Urug
 16954 | Lair:5   | Killed Urug
 16955 | Lair:5   | Reached skill level 5 in Dodging
 16957 | Lair:5   | HP: 3/82 [blink frog (12)]
 17194 | Lair:5   | Reached skill level 10 in Fighting
 17293 | Lair:5   | Gained mutation: Your large and strong wings let you fly.
                  | [Gargoyle growth]
 17293 | Lair:5   | Reached XP level 14. HP: 88/88 MP: 18/18
 17454 | Lair:5   | Got an earthy gem with 778 turns to spare
 17487 | Lair:5   | Noticed Snorg
 17506 | Lair:5   | Killed Snorg
 17516 | Lair:5   | Reached skill level 15 in Maces & Flails
 17794 | Lair:5   | Found an iron altar of Okawaru.
 18280 | Lair:5   | Lost the earthy gem through the power of Zot.
 18328 | Lair:5   | Found a viscous altar of Jiyva.
 18332 | Lair:5   | Found a staircase to the Slime Pits.
 19590 | Lair:3   | Reached XP level 15. HP: 95/95 MP: 21/21
 19701 | Lair:3   | Found a staircase to the Snake Pit.
 19919 | D:10     | Fell from the grace of Zin
 19919 | D:10     | Became a worshipper of the Shining One
 19919 | D:10     | Reached * piety under the Shining One
 19919 | D:10     | Reached ** piety under the Shining One
 19919 | D:10     | Reached *** piety under the Shining One
 20187 | D:12     | Noticed Frances
 20205 | D:12     | Killed Frances
 20488 | D:12     | Reached **** piety under the Shining One
 20706 | D:13     | Identified the serpent talisman of Cuptun {MP+9 Int+3}
 20987 | D:13     | Identified the +5 mace of Imminent Death {protect, rElec
                  | MP+9 Str+6}
 21292 | D:13     | Found a gate to the Vaults.
 21746 | D:14     | Reached ***** piety under the Shining One
 22401 | D:14     | Reached skill level 10 in Invocations
 22443 | D:15     | Entered Level 15 of the Dungeon
 22443 | D:15     | Found a transporter.
 22445 | D:15     | Noticed ZLogic's ghost (journeyman SpEn)
 22446 | D:15     | Found a bloodstained altar of Trog.
 22455 | D:15     | Found a transporter.
 22674 | D:15     | Noticed an orc warlord
 23162 | D:15     | Found a staircase to the Depths.
 23182 | D:15     | Reached skill level 15 in Shields
 23332 | D:15     | Reached XP level 16. HP: 101/103 MP: 23/23
 24044 | Orc:1    | Entered Level 1 of the Orcish Mines
 24152 | Orc:2    | Entered Level 2 of the Orcish Mines
 24293 | Orc:2    | Found a staircase to the Elven Halls.
 25673 | Orc:2    | Found an ancient bone altar of Kikubaaqudgha.
 25935 | Orc:2    | Found Nom Enakie's Book Emporium.
 25947 | Orc:2    | Noticed Erolcha
 25962 | Orc:2    | Killed Erolcha
 25969 | Orc:2    | Found a radiant altar of Vehumet.
 26157 | Orc:2    | Found Ucsa Irch's Antique Armour Shoppe.
 26158 | Orc:2    | Found Deonu's Antique Armour Emporium.
 26171 | Orc:2    | Found Jushroce's Distillery.
 26204 | Orc:2    | Bought a translucent plate armour for 644 gold pieces
 26204 | Orc:2    | Identified the +12 plate armour of Okygac Xule {rC+ rCorr
                  | Stlth+} (You bought it in a shop on level 2 of the Orcish
                  | Mines)
 26213 | Orc:2    | Bought a potion of might for 64 gold pieces
 26213 | Orc:2    | Bought a potion of might for 64 gold pieces
 26213 | Orc:2    | Bought a potion of haste for 160 gold pieces
 26213 | Orc:2    | Bought a potion of haste for 160 gold pieces
 26213 | Orc:2    | Bought a potion of haste for 160 gold pieces
 26474 | Snake:1  | Entered Level 1 of the Snake Pit
 26497 | Snake:1  | Found Hapaarphu's Distillery.
 26509 | Snake:1  | Bought a potion of heal wounds for 75 gold pieces
 26509 | Snake:1  | Bought a potion of heal wounds for 75 gold pieces
 26714 | Snake:1  | Found a flickering gateway to a bazaar.
 26724 | Bazaar   | Entered a bazaar
 26833 | Bazaar   | Found Etanaq's Magic Scroll Boutique.
 26837 | Bazaar   | Bought a scroll of blinking for 82 gold pieces
 26837 | Bazaar   | Found Bubesera's Distillery.
 26837 | Bazaar   | Found Kueqo's Jewellery Boutique.
 26837 | Bazaar   | Found Leuzeen's Assorted Antiques.
 26880 | Bazaar   | Bought the +5 Storm Queen's Shield {shock, Fly rElec} for
                  | 638 gold pieces
 26880 | Bazaar   | Found the +5 Storm Queen's Shield {shock, Fly rElec}
 26880 | Bazaar   | Bought a potion of might for 56 gold pieces
 26885 | Bazaar   | Bought a potion of heal wounds for 70 gold pieces
 26885 | Bazaar   | Bought a potion of might for 56 gold pieces
 27865 | Snake:1  | Bought a potion of might for 60 gold pieces
 27865 | Snake:1  | Bought a potion of might for 60 gold pieces
 27884 | Snake:2  | Noticed Jorgrun
 27906 | Snake:2  | Killed Jorgrun
 28313 | Snake:2  | Reached XP level 17. HP: 111/111 MP: 25/25
 28734 | Snake:3  | Reached skill level 15 in Armour
 29139 | Snake:3  | Found Pilug's Book Shop.
 29314 | Snake:4  | Entered Level 4 of the Snake Pit
 29812 | Snake:4  | Reached skill level 15 in Fighting
 30073 | Snake:4  | Got a serpentine rune of Zot
 30648 | Shoals:1 | Entered Level 1 of the Shoals
 30648 | Shoals:1 | Identified the serpent talisman "Toobuel" {Str+4 Int+3}
 30648 | Shoals:1 | Noticed Aizul
 30672 | Shoals:1 | Killed Aizul
 30691 | Shoals:1 | Reached ****** piety under the Shining One
 30837 | Shoals:1 | Reached XP level 18. HP: 119/119 MP: 27/27
 30887 | Shoals:1 | Found Pociseq's Assorted Antiques.
 30890 | Shoals:1 | Bought a scroll labelled BOOWOA FUAGAE for 36 gold pieces
 31380 | Shoals:1 | Identified the +2 animal skin of Resonance {Harm}
 31537 | Shoals:2 | Identified the +0 whip of the Blowfly {flame, Int+3}
 31911 | Shoals:2 | Acquired 576 gold pieces
 32157 | Shoals:2 | Found a runed translucent gate.
 32211 | Shoals:2 | Found a runed translucent gate.
 32211 | Shoals:2 | Found a runed translucent gate.
 32212 | Shoals:2 | Noticed vbillard's ghost (journeyman DECj)
 32574 | Shoals:2 | Killed vbillard's ghost
 33229 | Shoals:3 | Noticed Polyphemus
 33298 | Shoals:3 | Killed Polyphemus
 33473 | Shoals:3 | Found Jode's Vocational Training.
 33861 | Shoals:4 | Entered Level 4 of the Shoals
 33874 | Shoals:4 | Reached XP level 19. HP: 127/127 MP: 29/29
 34903 | Shoals:4 | Got a barnacled rune of Zot
 35597 | D:8      | Identified the blade talisman of Noon {rC+ Str+6}
 35620 | D:8      | Identified the ring "Kimm" {rF+ rC++ rCorr Int-4 Dex+2}
 35773 | Vaults:1 | Entered Level 1 of the Vaults
 35899 | Vaults:1 | Found a magical portal.
 35915 | WizLab   | Entered Zonguldrok's Shrine
 36042 | WizLab   | Paralysed by a vampire knight for 5 turns
 36052 | WizLab   | Paralysed by a vampire knight for 5 turns
 36480 | WizLab   | Noticed an antique champion
 36480 | WizLab   | Noticed an antique champion
 36501 | WizLab   | Killed an antique champion
 36507 | WizLab   | Killed an antique champion
 36508 | WizLab   | Reached skill level 15 in Invocations
 36551 | WizLab   | Identified the death talisman of the Scribe {Will+ Str+3
                  | Dex-2}
 36732 | Vaults:1 | Reached XP level 20. HP: 136/136 MP: 31/31
 36837 | Vaults:1 | Identified the +4 war axe "Aggomm" {flame, Str+2}
 38346 | Vaults:2 | Identified the +8 flail of Subterfuge {flame, +Blink rF+}
 38654 | Vaults:2 | Found Talamn's Antique Weapon Shop.
 38752 | Vaults:2 | Found Cuhafrim's Antique Armour Shop.
 38754 | Vaults:2 | Found Kithu's Jewellery Shop.
 39445 | Vaults:2 | Found a staircase to the Crypt.
 39775 | Vaults:3 | Reached XP level 21. HP: 127/143 MP: 33/33
 40251 | Vaults:3 | Identified the +0 chain mail of Discretion {rElec Dex+2}
 41328 | Vaults:3 | Identified the +4 war axe "Yfrekemal" {spect, rF+ Will+
                  | rCorr}
 42343 | Vaults:4 | Paralysed by a sphinx for 4 turns
 42520 | Vaults:4 | Found Xiqoaxeps's Book Shoppe.
 42842 | Vaults:4 | Reached XP level 22. HP: 64/152 MP: 34/34
 43911 | Depths:1 | Entered Level 1 of the Depths
 44110 | Depths:1 | Identified the ring "Zuppoiko" {rN+ Dex+3}
 44348 | Depths:1 | Found a gateway to Hell.
 44371 | Depths:1 | Noticed Nikola
 44386 | Depths:1 | Killed Nikola
 45995 | Depths:2 | Found a one-way gate leading to the halls of Pandemonium.
 46030 | Depths:2 | Found a one-way gateway to a ziggurat.
 46361 | Depths:2 | Found a runed translucent door.
 46362 | Depths:2 | Noticed Imio's ghost (adept DgCj)
 46379 | Depths:2 | Found a one-way gate to the infinite horrors of the Abyss.
 46887 | Depths:2 | Killed Imio's ghost
 46891 | Depths:2 | Identified the ring "Taerisoi" {AC+4 Int+8}
 47305 | Depths:3 | Noticed a golden dragon
 47314 | Depths:3 | Killed a golden dragon
 47722 | Depths:3 | Identified the orb "Xaexkine" {*channel, Slay+5}
 47722 | Depths:3 | Noticed Frederick
 47736 | Depths:3 | Killed Frederick
 47737 | Depths:3 | Reached XP level 23. HP: 141/162 MP: 35/35
 48164 | Depths:4 | Entered Level 4 of the Depths
 48407 | Depths:4 | Noticed Xtahua
 48418 | Depths:4 | Paralysed by Xtahua for 3 turns
 48433 | Depths:4 | Paralysed by Xtahua for 3 turns
 48437 | Depths:4 | Killed Xtahua
 48820 | Depths:4 | Noticed a golden dragon
 48840 | Depths:4 | Killed a golden dragon
 49197 | Depths:4 | Found a runed translucent door.
 49197 | Depths:4 | Found a runed translucent door.
 49260 | Depths:4 | Found a runed translucent door.
 49260 | Depths:4 | Found a runed translucent door.
 49288 | Depths:4 | Acquired 1007 gold pieces
 49301 | Depths:4 | Noticed a golden dragon
 49333 | Depths:4 | Killed a golden dragon
 49493 | Depths:4 | Found a runed translucent door.
 49500 | Depths:4 | Noticed a golden dragon
 49507 | Depths:4 | Killed a golden dragon
 49540 | Depths:4 | Found a runed translucent door.
 49866 | Depths:4 | Found a corrupted altar of Lugonu.
 50206 | Depths:4 | Found a gate to the Realm of Zot.
 50561 | Elf:1    | Entered Level 1 of the Elven Halls
 50598 | Elf:1    | Found Goic's Magic Scroll Boutique.
 50607 | Elf:1    | Bought a scroll of fog for 68 gold pieces
 50607 | Elf:1    | Bought a scroll of acquirement for 884 gold pieces
 50607 | Elf:1    | Bought a scroll of enchant armour for 127 gold pieces
 50608 | Elf:1    | Acquired a manual of Dodging
 50849 | Elf:1    | Found Nocav's General Store.
 50877 | Abyss:3  | Cast into level 3 of the Abyss (a deep elf sorcerer)
 51164 | Abyss:3  | Paralysed by accursed screaming for 1 turns
 51187 | Elf:1    | Escaped the Abyss
 51255 | Elf:1    | Reached XP level 24. HP: 147/175 MP: 36/36
 51350 | Elf:1    | Found Sista's General Store.
 51361 | Elf:1    | Bought a scroll of acquirement for 676 gold pieces
 51361 | Elf:1    | Bought a potion of heal wounds for 65 gold pieces
 51361 | Elf:1    | Bought a potion of heal wounds for 65 gold pieces
 51361 | Elf:1    | Bought a manual of Shields for 1040 gold pieces
 51366 | Elf:1    | Acquired 1071 gold pieces
 51688 | Elf:1    | Identified the +1 helmet "Tatason" {Regen+ Str+5 Dex+2
                  | SInv}
 51928 | Elf:1    | Found Baihaips's Magic Scroll Boutique.
 51933 | Elf:1    | Bought a scroll of blinking for 105 gold pieces
 51933 | Elf:1    | Bought a scroll of fog for 56 gold pieces
 52422 | Elf:2    | Found a runed translucent gate.
 52423 | Elf:2    | Found a runed translucent gate.
 52423 | Elf:2    | Found a runed translucent gate.
 52492 | Elf:2    | Paralysed by an air elemental for 1 turns
 52619 | Elf:2    | Identified the +9 scimitar of Infinite Pain {spect,
                  | ^Fragile rPois Str+8 Int+2}
 53092 | Elf:2    | Identified the blade talisman of Omission {Dex+3}
 53223 | Elf:3    | Entered Level 3 of the Elven Halls
 53313 | Elf:3    | Found a transporter.
 53317 | Elf:3    | Noticed Pesoemm's ghost (journeyman DsFi)
 53570 | Elf:3    | Found a transporter.
 53600 | Elf:3    | Paralysed by an air elemental for 1 turns
 53827 | Elf:3    | Killed Pesoemm's ghost
 53861 | Elf:3    | Identified the +2 cloak of Indomitability {rElec rF++ rCorr
                  | Int-3}
 54457 | Abyss:3  | Cast into level 3 of the Abyss (a deep elf sorcerer)
 54479 | Elf:3    | Escaped the Abyss
 54501 | Abyss:3  | Cast into level 3 of the Abyss (a deep elf sorcerer)
 54568 | Abyss:3  | Found a corrupted altar of Lugonu.
 54591 | Abyss:3  | Found a corrupted altar of Lugonu.
 54593 | Abyss:3  | Found a snail-covered altar of Cheibriados.
 54676 | Abyss:3  | Found a snail-covered altar of Cheibriados.
 54676 | Abyss:3  | Found a corrupted altar of Lugonu.
 54676 | Abyss:3  | Found a snail-covered altar of Cheibriados.
 54679 | Abyss:3  | Found a corrupted altar of Lugonu.
 54729 | Elf:3    | Escaped the Abyss
 54831 | Elf:3    | Identified the ring of Kudiez {Ice rPois rN++ Dex-2 Slay+3}
 54832 | Abyss:3  | Cast into level 3 of the Abyss (a deep elf demonologist)
 55062 | Abyss:4  | Found a corrupted altar of Lugonu.
 55097 | Abyss:4  | Found a corrupted altar of Lugonu.
 55101 | Abyss:4  | Reached XP level 25. HP: 162/162 MP: 37/37
 55124 | Abyss:4  | Paralysed by accursed screaming for 1 turns
 55126 | Elf:3    | Escaped the Abyss
 55150 | Elf:3    | Identified the ring of the Winnowing Gods {Ice Stlth+}
 55181 | Elf:3    | Found the +2 hood of the Assassin {Detect Stab+ Stlth++}
 55182 | Elf:3    | Identified the +3 falchion of Urgency {drain, rC++}
 55199 | Elf:3    | Identified the +2 pair of gloves "Eskaeshant" {+Inv Str+7
                  | Dex-3 Stlth+}
 55225 | Elf:3    | Got the Incunable of Viridian Fever
 55233 | Elf:3    | Identified the staff of the Majestic God {Fly rElec Str-3
                  | Tloc Earth}
 55300 | Elf:3    | Identified the +10 hand axe of Binepp {vamp, Str+8}
 55300 | Elf:3    | Identified the amulet of the Neverending Deaths {Spirit
                  | rElec rPois Stlth-}
 55356 | Elf:3    | Identified the +7 plate armour of the Antique God {Rampage
                  | rC+ Str+3}
 55782 | Snake:1  | Bought a potion of haste for 150 gold pieces
 55782 | Snake:1  | Bought a potion of enlightenment for 75 gold pieces
 55782 | Snake:1  | Bought a potion of enlightenment for 75 gold pieces
 55782 | Snake:1  | Bought a potion of curing for 45 gold pieces
 55782 | Snake:1  | Bought a potion of haste for 150 gold pieces
 55782 | Snake:1  | Bought a potion of cancellation for 120 gold pieces
 55975 | Crypt:1  | Entered Level 1 of the Crypt
 56105 | Crypt:1  | Paralysed by a vampire knight for 3 turns
 56159 | Crypt:1  | Reached skill level 10 in Dodging
 56788 | Crypt:1  | Found an ancient bone altar of Kikubaaqudgha.
 57092 | Crypt:1  | Found a runed translucent door.
 57096 | Crypt:1  | Noticed Jetyrhek's ghost (veteran GrEE)
 58003 | Crypt:3  | Entered Level 3 of the Crypt
 58198 | Crypt:3  | Found a basalt altar of Yredelemnul.
 58351 | Crypt:3  | Identified the +9 spear "Noliape" {freeze, rPois}
 58450 | Crypt:3  | Found the +9 scales of the Dragon King {rPois rF+ rC+
                  | Will+}
 58533 | Crypt:3  | Identified the +0 chain mail of Defiance {Harm}
 58591 | Crypt:3  | Noticed a dread lich
 58593 | Crypt:3  | Found a staircase to the Tomb.
 58601 | Crypt:3  | Killed a dread lich
 58620 | Crypt:3  | Identified the ring "Cyfug" {Fire +Blink rN++ Will+}
 59068 | Crypt:3  | Identified a +3 sacred scourge of holy wrath (a +1 demon
                  | whip blessed by the Shining One)
 59068 | Crypt:3  | Received a gift from the Shining One
 59321 | Vaults:5 | Entered Level 5 of the Vaults
 59343 | Vaults:4 | Reached XP level 26. HP: 146/188 MP: 37/37
 59616 | Vaults:5 | Noticed Jory
 59682 | Vaults:5 | Killed Jory
 60037 | Vaults:5 | Got a silver rune of Zot
 60426 | Vaults:5 | Found Kuytimo's Antique Armour Shoppe.
 60426 | Vaults:5 | Identified the +4 ring mail "Boomett" {rN++ MP+9 Str-5
                  | Int+3}
 60534 | Vaults:5 | Identified the +11 morningstar "Loqaal" {holy, Str+3}
 60536 | Vaults:5 | Reached skill level 5 in Evocations
 60710 | Vaults:5 | Identified the staff of Dismemberment {rC+ Dex+4 Earth
                  | Alchemy}
 61026 | Vaults:5 | Noticed an ancient lich
 61043 | Vaults:5 | Killed an ancient lich
 61082 | Vaults:5 | Got Kisibuco's Compendium of the Barrage
 61467 | Vaults:5 | Reached XP level 27. HP: 191/193 MP: 38/38
 61477 | Vaults:5 | Found the +7 great mace "Firestarter" {flame, immolate,
                  | rFlCloud rF++}
 61501 | Vaults:5 | Identified the +4 plate armour "Masair" {Str+2}
 61508 | Vaults:5 | Identified the amulet of the Median {Regen+ Dex+2 Stlth+}
 61529 | Vaults:5 | Identified the +1 cloak of Misanthropy {Harm +Inv Stlth+}
 61550 | Vaults:5 | Identified the +2 leather armour of Hedonism {Int+2}
 61552 | Vaults:5 | Got the Tome of Assaults
 61560 | Vaults:5 | Identified the +3 leather armour "Terus" {rPois rC+ SInv}
 61904 | Slime:1  | Entered Level 1 of the Pits of Slime
 61922 | Slime:1  | Gained mutation: You are weak. (Str -2) [a shining eye]
 62071 | Slime:5  | Entered Level 5 of the Pits of Slime
 62171 | Slime:5  | Found a viscous altar of Jiyva.
 62521 | Slime:5  | Noticed the Royal Jelly
 62580 | Slime:5  | Killed the Royal Jelly
 62605 | Slime:5  | Identified the staff of the Ancient Princes {rN+ SInv
                  | Necro}
 62618 | Slime:5  | Got a slimy rune of Zot
 62780 | Lair:5   | Lost mutation: You are weak. (Str -2) [potion of mutation]
 62780 | Lair:5   | Gained mutation: You sometimes lose your temper in combat.
                  | [potion of mutation]
 62780 | Lair:5   | Lost mutation: You sometimes lose your temper in combat.
                  | [potion of mutation]
 63021 | Hell     | Entered the Vestibule of Hell
 63021 | Hell     | Noticed Geryon
 63077 | Hell     | Killed Geryon
 63177 | Hell     | Found a gateway to the decaying netherworld of Tartarus.
 63251 | Hell     | Found a gateway to the freezing wastes of Cocytus.
 63486 | Hell     | Found a gateway to the Iron City of Dis.
 63606 | Hell     | Found a gateway to the ashen valley of Gehenna.
 63699 | Geh:1    | Entered Level 1 of Gehenna
 64957 | Geh:7    | Entered Level 7 of Gehenna
 65314 | Geh:7    | Reached skill level 27 in Invocations
 65589 | Geh:7    | Reached skill level 1 in Conjurations
 65598 | Geh:7    | Reached skill level 1 in Ice Magic
 65725 | Geh:7    | Reached skill level 1 in Earth Magic
 65725 | Geh:7    | Reached skill level 1 in Alchemy
 65732 | Geh:7    | Reached skill level 1 in Polearms
 65736 | Geh:7    | Reached skill level 1 in Ranged Weapons
 65784 | Geh:7    | Reached skill level 1 in Short Blades
 65791 | Geh:7    | Reached skill level 1 in Translocations
 65797 | Geh:7    | Reached skill level 1 in Necromancy
 65829 | Geh:7    | Found the +13 sceptre of Asmodeus
 65829 | Geh:7    | Noticed Asmodeus
 65864 | Geh:7    | Killed Asmodeus
 66004 | Geh:7    | Got an obsidian rune of Zot
 66437 | Geh:7    | Identified the +4 shortbow of Radicalism {antimagic, Str+2}
 66438 | Geh:7    | Identified the staff "Fucafiur" {rPois Int+4 Alchemy}
 66451 | Geh:7    | Identified the +0 scale mail of the Pleiades {Will+ Regen+}
 66661 | Coc:1    | Entered Level 1 of Cocytus
 66755 | Coc:1    | Paralysed by a wendigo for 1 turns
 67306 | Coc:5    | Reached skill level 27 in Shields
 67592 | Coc:7    | Entered Level 7 of Cocytus
 67669 | Coc:7    | Paralysed by a wendigo for 1 turns
 67694 | Coc:7    | Paralysed by a wendigo for 1 turns
 68013 | Coc:7    | Paralysed by a wendigo for 1 turns
 68014 | Coc:7    | Reached skill level 27 in Fighting
 68091 | Coc:7    | Noticed Antaeus
 68126 | Coc:7    | Killed Antaeus
 68167 | Coc:7    | Got an icy rune of Zot
 68324 | Coc:7    | Identified the +10 ring mail of Baldness {rPois Will+}
 68609 | Depths:2 | Voluntarily entered the Abyss.
 68615 | Abyss:4  | Found a corrupted altar of Lugonu.
 68629 | Abyss:4  | Noticed an ancient lich
 68639 | Abyss:4  | Killed an ancient lich
 68851 | Abyss:4  | Got an abyssal rune of Zot
 68937 | Depths:2 | Escaped the Abyss
 68996 | Pan      | Entered Pandemonium
 69012 | Pan      | Noticed Ituf the pandemonium lord
 69026 | Pan      | Killed Ituf the pandemonium lord
 69249 | Pan      | Noticed Mibleura the pandemonium lord
 69269 | Pan      | Killed Mibleura the pandemonium lord
 69409 | Pan      | Identified the +4 long sword "Optoic" {pain, rF+ rCorr MP+9
                  | Int+2}
 69494 | Pan      | Reached skill level 27 in Armour
 69538 | Pan      | Found an exit through the horrors of the Abyss.
 69849 | Pan      | Found a transporter.
 70015 | Pan      | Found a transporter.
 70091 | Pan      | Found an exit through the horrors of the Abyss.
 70129 | Pan      | Reached skill level 15 in Dodging
 70568 | Pan      | Identified the ring of Temptation {*Corrode rF+ rN+ MP+9}
 70585 | Pan      | Identified the ring of Ypu Loni {^Drain rElec rPois Will+
                  | SInv}
 70630 | Pan      | Entered the realm of Mnoleg.
 70639 | Pan      | Gained mutation: You sometimes lose your temper in combat.
                  | [a cacodemon]
 70642 | Pan      | Gained mutation: You occasionally lose the ability to read
                  | scrolls when taking damage. [a cacodemon]
 70692 | Pan      | Identified the +0 plate armour "Somaroar" {MP+9 Slay+5}
 70726 | Pan      | Gained mutation: Your body sometimes deteriorates upon
                  | taking damage. [a cacodemon]
 70886 | Pan      | Gained mutation: You occasionally shout uncontrollably at
                  | your foes. [a cacodemon]
 70887 | Pan      | Gained mutation: You are frail. (-10% HP) [a cacodemon]
 70939 | Pan      | Noticed Mnoleg
 70943 | Pan      | Identified the +7 tower shield "Baty" {Rampage Dex+5
                  | Stlth+}
 70961 | Pan      | Killed Mnoleg
 70984 | Pan      | Got a glowing rune of Zot
 71105 | Pan      | Lost mutation: You occasionally lose the ability to read
                  | scrolls when taking damage. [potion of mutation]
 71105 | Pan      | Lost mutation: You occasionally shout uncontrollably at
                  | your foes. [potion of mutation]
 71105 | Pan      | Gained mutation: You are weak. (Str -2) [potion of
                  | mutation]
 71105 | Pan      | Gained mutation: You expend magic power (3 MP) to
                  | strengthen your wands. [potion of mutation]
 71105 | Pan      | Gained mutation: You are strong-willed. (Will+) [potion of
                  | mutation]
 71106 | Pan      | Lost mutation: Your body sometimes deteriorates upon taking
                  | damage. [potion of mutation]
 71106 | Pan      | Lost mutation: You are strong-willed. (Will+) [potion of
                  | mutation]
 71106 | Pan      | Lost mutation: You are weak. (Str -2) [potion of mutation]
 71106 | Pan      | Gained mutation: You occasionally lose the ability to drink
                  | potions when taking damage. [potion of mutation]
 71106 | Pan      | Gained mutation: You have hidden genetic defects. [potion
                  | of mutation]
 71106 | Pan      | Gained mutation: You occasionally lose the ability to read
                  | scrolls when taking damage. [potion of mutation]
 71107 | Pan      | Lost mutation: You have hidden genetic defects. [potion of
                  | mutation]
 71107 | Pan      | Lost mutation: You are frail. (-10% HP) [potion of
                  | mutation]
 71107 | Pan      | Gained mutation: You have hidden genetic defects. [potion
                  | of mutation]
 71107 | Pan      | Gained mutation: You are covered in fur. (AC +1) [potion of
                  | mutation]
 71108 | Pan      | Lost mutation: You occasionally lose the ability to drink
                  | potions when taking damage. [potion of mutation]
 71108 | Pan      | Lost mutation: You occasionally lose the ability to read
                  | scrolls when taking damage. [potion of mutation]
 71108 | Pan      | Lost mutation: You sometimes lose your temper in combat.
                  | [potion of mutation]
 71108 | Pan      | Gained mutation: You are strong-willed. (Will+) [potion of
                  | mutation]
 71108 | Pan      | Gained mutation: Your mind is acute. (Int +4, Str/Dex -1)
                  | [potion of mutation]
 71109 | Pan      | Lost mutation: You have hidden genetic defects. [potion of
                  | mutation]
 71109 | Pan      | Lost mutation: You are covered in fur. (AC +1) [potion of
                  | mutation]
 71109 | Pan      | Lost mutation: You are strong-willed. (Will+) [potion of
                  | mutation]
 71109 | Pan      | Gained mutation: You have a pair of small horns on your
                  | head. [potion of mutation]
 71109 | Pan      | Gained mutation: Your health recovers twice as slowly from
                  | being drained. [potion of mutation]
 71109 | Pan      | Gained mutation: Your muscles are strong. (Str +4, Int/Dex
                  | -1) [potion of mutation]
 71110 | Pan      | Lost mutation: Your muscles are strong. (Str +4, Int/Dex
                  | -1) [potion of mutation]
 71110 | Pan      | Lost mutation: You expend magic power (3 MP) to strengthen
                  | your wands. [potion of mutation]
 71110 | Pan      | Lost mutation: You have a pair of small horns on your head.
                  | [potion of mutation]
 71110 | Pan      | Gained mutation: You are frail. (-10% HP) [potion of
                  | mutation]
 71110 | Pan      | Gained mutation: You expend magic power (3 MP) to
                  | strengthen your wands. [potion of mutation]
 71110 | Pan      | Gained mutation: Armour fits poorly on your strangely
                  | shaped body. [potion of mutation]
 71111 | Pan      | Lost mutation: Your mind is acute. (Int +4, Str/Dex -1)
                  | [potion of mutation]
 71111 | Pan      | Lost mutation: Armour fits poorly on your strangely shaped
                  | body. [potion of mutation]
 71111 | Pan      | Gained mutation: You are vulnerable to cold. (rC-) [potion
                  | of mutation]
 71111 | Pan      | Gained mutation: You are partially covered in iridescent
                  | scales. (AC +2) [potion of mutation]
 71117 | Pan      | Lost mutation: You expend magic power (3 MP) to strengthen
                  | your wands. [potion of mutation]
 71117 | Pan      | Lost mutation: You are vulnerable to cold. (rC-) [potion of
                  | mutation]
 71117 | Pan      | Gained mutation: You are somewhat resistant to further
                  | mutation. [potion of mutation]
 71198 | Pan      | Gained mutation: You do not regenerate when monsters are
                  | visible. [a neqoxec]
 71881 | Pan      | Noticed Xomais the pandemonium lord
 72726 | Pan      | Killed Xomais the pandemonium lord
 72737 | Pan      | Identified the ring "Xassit" {Fly rElec rC+}
 72740 | Pan      | Got a demonic rune of Zot
 72757 | Pan      | Noticed Ybyoqaid the pandemonium lord
 72770 | Pan      | Killed Ybyoqaid the pandemonium lord
 72787 | Pan      | Entered the realm of Cerebov.
 73107 | Pan      | Acquired the +3 eveningstar "Aprag" {speed, +Blink rPois
                  | rF++ Will+}
 73433 | Pan      | Identified the +5 lajatang "Killer Klown's Regret" {spect,
                  | rElec Int+2 Dex-3 Stlth+}
 73442 | Pan      | Identified the +4 falchion "Qawk" {freeze, Fly rN+ Int+2
                  | Dex+2}
 73456 | Pan      | Identified the ring "Mexuigam" {+Blink rF- rC+ rCorr Int+5}
 73459 | Pan      | Identified the +2 robe "Tearph" {+Blink Fly rC- SInv}
 73467 | Pan      | Identified the +3 leather armour of Inid {rF+++ Str+2
                  | Stlth-}
 73491 | Pan      | Identified the +10 orcbow of In Flagrante Delicto {elec,
                  | rC+ SInv}
 73493 | Pan      | Identified the +9 short sword of Rotation {spect, rPois
                  | Stlth+}
 73626 | Pan      | Found the +6 sword of Cerebov {flame}
 73626 | Pan      | Noticed Cerebov
 73652 | Pan      | Killed Cerebov
 73703 | Pan      | Got a fiery rune of Zot
 73834 | Pan      | Noticed Lotul the pandemonium lord
 73855 | Pan      | Killed Lotul the pandemonium lord
 73897 | Pan      | Entered the realm of Gloorx Vloq.
 74535 | Pan      | Noticed Gloorx Vloq
 74547 | Pan      | Killed Gloorx Vloq
 74584 | Pan      | Got a dark rune of Zot
 74736 | Pan      | Found an exit through the horrors of the Abyss.
 74767 | Pan      | Identified the +0 plate armour "Wuan" {Harm ^Drain Fly
                  | Int+9}
 74839 | Abyss:4  | Cast into level 4 of the Abyss (reaper)
 74939 | Pan      | Escaped the Abyss
 74967 | Pan      | Acquired 858 gold pieces
 75321 | Pan      | Noticed Uvosont the pandemonium lord
 75347 | Pan      | Killed Uvosont the pandemonium lord
 75371 | Pan      | Identified the staff of Ryextig {rPois SInv Alchemy}
 75546 | Pan      | Noticed Soapuoce the pandemonium lord
 75558 | Pan      | Killed Soapuoce the pandemonium lord
 76038 | Pan      | Noticed Xorischo the pandemonium lord
 76091 | Pan      | Killed Xorischo the pandemonium lord
 76366 | Pan      | Gained mutation: You occasionally lose the ability to read
                  | scrolls when taking damage. [a cacodemon]
 76398 | Pan      | Entered the realm of Lom Lobon.
 77128 | Pan      | Noticed Lom Lobon
 77140 | Pan      | Killed Lom Lobon
 77161 | Pan      | Got a magical rune of Zot
 77592 | Pan      | Noticed Gimuruf the pandemonium lord
 77609 | Pan      | Killed Gimuruf the pandemonium lord
 77671 | Depths:2 | Escaped Pandemonium
 77759 | Hell     | Lost mutation: You are partially covered in iridescent
                  | scales. (AC +2) [potion of mutation]
 77759 | Hell     | Lost mutation: You are somewhat resistant to further
                  | mutation. [potion of mutation]
 77759 | Hell     | Gained mutation: You passively dampen the noise of your
                  | surroundings. [potion of mutation]
 77760 | Hell     | Lost mutation: You occasionally lose the ability to read
                  | scrolls when taking damage. [potion of mutation]
 77760 | Hell     | Lost mutation: Your health recovers twice as slowly from
                  | being drained. [potion of mutation]
 77760 | Hell     | Gained mutation: Your muscles are strong. (Str +4, Int/Dex
                  | -1) [potion of mutation]
 77760 | Hell     | Gained mutation: You have a pair of small antennae on your
                  | head. [potion of mutation]
 77761 | Hell     | Lost mutation: You passively dampen the noise of your
                  | surroundings. [potion of mutation]
 77761 | Hell     | Lost mutation: You do not regenerate when monsters are
                  | visible. [potion of mutation]
 77761 | Hell     | Lost mutation: You have a pair of small antennae on your
                  | head. [potion of mutation]
 77761 | Hell     | Gained mutation: You are partially covered in large bone
                  | plates. (SH +4) [potion of mutation]
 77761 | Hell     | Gained mutation: You have a somewhat thin skeletal
                  | structure. (Dex +2, Stealth+) [potion of mutation]
 77797 | Tar:1    | Entered Level 1 of Tartarus
 78127 | Tar:3    | Noticed an ancient lich
 78136 | Tar:3    | Killed an ancient lich
 78523 | Tar:4    | Reached skill level 27 in Maces & Flails
 78531 | Tar:4    | Reached skill level 1 in Hexes
 78531 | Tar:4    | Reached skill level 1 in Fire Magic
 78537 | Tar:4    | Reached skill level 1 in Air Magic
 78576 | Tar:5    | Reached skill level 1 in Throwing
 78582 | Tar:5    | Reached skill level 1 in Summonings
 78590 | Tar:5    | Reached skill level 1 in Shapeshifting
 78783 | Tar:5    | Reached skill level 1 in Long Blades
 79152 | Tar:7    | Entered Level 7 of Tartarus
 80199 | Tar:7    | Identified the +9 rapier "Feref" {drain, MP+9 Dex+3}
 80205 | Tar:7    | Identified the +3 mace of the Equator {speed, rN+ Str+2
                  | SInv Stlth-}
 80212 | Tar:7    | Identified the +7 quarterstaff of Maithraxt {freeze, rPois
                  | rC- rCorr SInv}
 80216 | Tar:7    | Identified the ring of Visokh {Fly Int-5 Dex+6}
 80660 | Tar:7    | Noticed Ereshkigal
 80676 | Tar:7    | Killed Ereshkigal
 80740 | Tar:7    | Got a bone rune of Zot
 81405 | Dis:1    | Entered Level 1 of the Iron City of Dis
 81431 | Dis:1    | Reached skill level 10 in Evocations
 81618 | Dis:4    | Noticed a dread lich
 81623 | Dis:4    | Killed a dread lich
 82137 | Dis:7    | Entered Level 7 of the Iron City of Dis
 83486 | Dis:7    | Identified the +0 ring mail of Restlessness {rElec rPois
                  | rC- Int+4 SInv}
 83726 | Dis:7    | Got the Exposition on Cryomancy and Battling
 84026 | Dis:7    | Identified the ring "Eviecang" {Wiz rF++}
 84064 | Dis:7    | Noticed the Serpent of Hell
 84092 | Dis:7    | Killed the Serpent of Hell
 84201 | Dis:7    | Reached skill level 15 in Evocations
 84514 | Dis:7    | Noticed Dispater
 84531 | Dis:7    | Killed Dispater
 84686 | Dis:7    | Got an iron rune of Zot
 84687 | Dis:7    | Identified the staff of Navoc {rElec rF- MP+9 Dex+5 Hexes
                  | Air}
 84996 | Zot:1    | Entered Level 1 of the Realm of Zot
 85262 | Zot:3    | Noticed an orb of fire
 85270 | Zot:3    | Gained mutation: You sometimes lose your temper in combat.
                  | [an orb of fire]
 85274 | Zot:3    | Gained mutation: Your body sometimes deteriorates upon
                  | taking damage. [an orb of fire]
 85278 | Zot:3    | Killed an orb of fire
 85291 | Zot:3    | Acquired 597 gold pieces
 85303 | Zot:3    | Identified the ring "Hehot" {rC- rCorr Dex+8 Stlth+}
 85473 | Zot:5    | Entered Level 5 of the Realm of Zot
 85725 | Zot:5    | Got a prismatic gem with 381 turns to spare
 85739 | Zot:5    | Noticed a dread lich
 85746 | Zot:5    | Noticed a dread lich
 85748 | Zot:5    | Killed a dread lich
 85758 | Zot:5    | Killed a dread lich
 85831 | Zot:5    | Noticed a dread lich
 85842 | Zot:5    | Noticed an orb of fire
 85845 | Zot:5    | Killed a dread lich
 85856 | Zot:5    | Noticed a dread lich
 85858 | Zot:5    | Gained mutation: Your spells are a little easier to cast,
                  | but a little less powerful. [an orb of fire]
 85861 | Zot:5    | Killed an orb of fire
 85862 | Zot:5    | Noticed an orb of fire
 85866 | Zot:5    | Killed a dread lich
 85870 | Zot:5    | Noticed a dread lich
 85872 | Zot:5    | Killed an orb of fire
 85892 | Zot:5    | Killed a dread lich
 86030 | Zot:5    | Got the Orb of Zot
 86563 | Crypt:1  | Lost mutation: You are frail. (-10% HP) [potion of
                  | mutation]
 86563 | Crypt:1  | Lost mutation: You sometimes lose your temper in combat.
                  | [potion of mutation]
 86563 | Crypt:1  | Gained mutation: You have an increased reservoir of magic.
                  | (+10% MP) [potion of mutation]
 86563 | Crypt:1  | Lost mutation: You are partially covered in large bone
                  | plates. (SH +4) [potion of mutation]
 86563 | Crypt:1  | Gained mutation: Your natural rate of healing is unusually
                  | fast. [potion of mutation]
 86666 | Crypt:3  | Noticed Cuimotav the pandemonium lord
 86676 | Crypt:3  | Killed Cuimotav the pandemonium lord
 86743 | Tomb:1   | Entered Level 1 of the Tomb of the Ancients
 86749 | Tomb:1   | Noticed Podi the pandemonium lord
 86782 | Tomb:1   | Killed Podi the pandemonium lord
 86900 | Tomb:1   | Noticed a royal mummy
 86907 | Tomb:1   | Killed a royal mummy
 86994 | Tomb:2   | Noticed a royal mummy
 86994 | Tomb:2   | Noticed a royal mummy
 86997 | Tomb:2   | Noticed a royal mummy
 86998 | Tomb:2   | Noticed a royal mummy
 87015 | Tomb:2   | Killed a royal mummy
 87020 | Tomb:2   | Killed a royal mummy
 87024 | Tomb:2   | Killed a royal mummy
 87026 | Tomb:2   | Killed a royal mummy
 87068 | Tomb:1   | Noticed a royal mummy
 87070 | Tomb:1   | Noticed a royal mummy
 87074 | Tomb:1   | Noticed a royal mummy
 87075 | Tomb:1   | Killed a royal mummy
 87083 | Tomb:1   | Noticed a royal mummy
 87084 | Tomb:1   | Killed a royal mummy
 87085 | Tomb:1   | Noticed a royal mummy
 87089 | Tomb:1   | Noticed a royal mummy
 87090 | Tomb:1   | Killed a royal mummy
 87091 | Tomb:1   | Noticed a royal mummy
 87103 | Tomb:1   | Killed a royal mummy
 87112 | Tomb:1   | Killed a royal mummy
 87113 | Tomb:1   | Killed a royal mummy
 87116 | Tomb:1   | Killed a royal mummy
 87192 | Tomb:1   | Noticed a royal mummy
 87198 | Tomb:1   | Killed a royal mummy
 87202 | Tomb:1   | Noticed a royal mummy
 87211 | Tomb:1   | Killed a royal mummy
 87226 | Tomb:1   | Noticed a royal mummy
 87234 | Tomb:1   | Killed a royal mummy
 87249 | Tomb:1   | Noticed a royal mummy
 87250 | Tomb:1   | Noticed a royal mummy
 87260 | Tomb:1   | Killed a royal mummy
 87265 | Tomb:1   | Killed a royal mummy
 87267 | Tomb:1   | Noticed a royal mummy
 87273 | Tomb:1   | Killed a royal mummy
 87275 | Tomb:1   | Noticed a royal mummy
 87276 | Tomb:1   | Noticed a royal mummy
 87286 | Tomb:1   | Noticed a royal mummy
 87287 | Tomb:1   | Noticed a royal mummy
 87289 | Tomb:1   | Noticed a royal mummy
 87291 | Tomb:1   | Noticed a royal mummy
 87291 | Tomb:1   | Noticed a royal mummy
 87292 | Tomb:1   | Killed a royal mummy
 87295 | Tomb:1   | Killed a royal mummy
 87298 | Tomb:1   | Killed a royal mummy
 87415 | Tomb:1   | Noticed a royal mummy
 87429 | Tomb:1   | Killed a royal mummy
 87577 | Tomb:1   | Killed a royal mummy
 87611 | Tomb:1   | Killed a royal mummy
 87616 | Tomb:1   | Killed a royal mummy
 87630 | Tomb:1   | Killed a royal mummy
 87833 | Tomb:2   | Acquired 1014 gold pieces
 87923 | Tomb:3   | Entered Level 3 of the Tomb of the Ancients
 87980 | Tomb:3   | Noticed a royal mummy
 87992 | Tomb:3   | Noticed a royal mummy
 88013 | Tomb:3   | Noticed a royal mummy
 88013 | Tomb:3   | Noticed a royal mummy
 88016 | Tomb:3   | Noticed a royal mummy
 88017 | Tomb:3   | Killed a royal mummy
 88017 | Tomb:3   | Noticed a royal mummy
 88019 | Tomb:3   | Killed a royal mummy
 88021 | Tomb:3   | Killed a royal mummy
 88022 | Tomb:3   | Killed a royal mummy
 88023 | Tomb:3   | Noticed a royal mummy
 88054 | Tomb:3   | Killed a royal mummy
 88068 | Tomb:3   | Killed a royal mummy
 88073 | Tomb:3   | Noticed a royal mummy
 88081 | Tomb:3   | Killed a royal mummy
 88102 | Tomb:3   | Noticed a royal mummy
 88127 | Tomb:3   | Killed a royal mummy
 88164 | Tomb:3   | Killed a royal mummy
 88195 | Tomb:3   | Found the +3 pair of seven-league boots {Rampage+∞}
 88240 | Tomb:3   | Identified the +1 buckler of Omits {rF+}
 88266 | Tomb:3   | Noticed a seraph
 88281 | Tomb:3   | Killed a seraph
 88309 | Tomb:3   | Identified the +5 whip "Death Rattle" {pain, ^Contam rN+++
                  | Int-2 Stlth+}
 88362 | Tomb:3   | Got a sanguine gem with 1800 turns to spare
 88364 | Tomb:3   | Got a golden rune of Zot
 88409 | Tomb:3   | Identified the +1 helmet of Gehenna {rElec rC+ Regen+}
 88500 | Tomb:1   | Gained mutation: You sometimes lose your temper in combat.
                  | [a neqoxec]
 88932 | D:13     | Noticed Vudox the pandemonium lord
 88942 | D:13     | Killed Vudox the pandemonium lord
 89301 | D:$      | Escaped with the Orb!

Illustrated notes

Levels and vault maps discovered:
D:1:      erik_arrival_orb_chamber, layout_rooms, chequers_serial_rivers_micro_e
D:2:      minmay_razor_zed, layout_basic, dreamdust_ecumenical_altar_statues,
          uniq_natasha, uniq_sigmund
D:3:      layout_loops_ring, marbit_many_paths, chequers_serial_rivers_micro_c
D:4:      layout_basic, kennysheep_mini_moat, minmay_temple_entry_glass,
          serial_aquarium, aquarium_bridge_square [aquarium_subvault_bridge,
          aquarium_subvault_window, aquarium_subvault_bridge,
          aquarium_subvault_bridge], aquarium_window_fake, aquarium_window_1,
          aquarium_view_2e, aquarium_view_2e, aquarium_pool_1,
          minmay_misc_feat_enclosed, grunt_ministairs_1, minmay_fountain_box,
          wad_orctagon
D:5:      layout_basic, lemuel_tele_altar
D:6:      layout_rooms, minmay_diced_spiral
D:7:      layout_rooms, mainiacjoe_overflow_boulevard, kennysheep_ying_yang,
          hellmonk_guarded_unrand_lears, uniq_maggie, uniq_menkaure
D:8:      lemuel_castle_with_subvaults [lemuel_castle_interior_carwin_1],
          layout_basic, serial_glass, glass_columns_a, glass_columns_b,
          feat_on_display, due_unseen_surprise, item_on_display_a,
          minmay_strange_pillars, nicolae_shop_gadgets
D:9:      layout_rooms, nicolae_qazlal_general_emergency, orc_david_3
D:10:     layout_loops_ring, tso_altar, nicolae_elevator_lobby_plus, uniq_grum
D:11:     layout_gridville, due_lair_maze_entry_diamond, special_room
          [special_room_bee], uniq_sonja
D:12:     layout_roguey, gauntlet_entry_generic, serial_shops, shop, drop_trap,
          uniq_azrael, uniq_frances
D:13:     layout_rooms, grunt_vaults_entry_fortified
D:14:     layout_irregular_city, serial_bayou_shore_a
D:15:     hangedman_depths_entry_try_elsewhere_first, layout_cave_pods,
          serial_library_hellmonk_layered_room,
          gammafunk_ghost_wrathful_warriors
Temple:   nicolae_temple_two_arcs
Lair:1:   layout_small_grid, nicolae_quartered_pool_medium,
          chequers_serial_rivers_large_b, minivault_11, st_stairs_3,
          kennysheep_rathole, infiniplex_staircase_pool_2
Lair:2:   layout_chaotic_city, mainiacjoe_shoals_entry_four_pools,
          grunt_forest_small_clearing_treed
Lair:3:   layout_roguey, dummy_snake_entry, chequers_serial_rivers_room_a,
          lemuel_fruit_fields
Lair:4:   layout_cave_shapes
Lair:5:   minmay_lair_end_frog_pond, layout_concentric_octagons,
          dpeg_slime_entry_enclosed, basic_altar, uniq_urug, uniq_snorg
Shoals:1: argonaut_golden_fleece, layout_shoals, serial_shops,
          nicolae_shop_window_shopping, uniq_aizul
Shoals:2: layout_shoals, gammafunk_ghost_necromancy,
          nicolae_shoals_former_cling_halls
Shoals:3: layout_shoals, nicolae_shop_vocational, uniq_polyphemus
Shoals:4: shoals_end_hellmonk_lost_city, serial_shops
Snake:1:  layout_honeycomb, serial_shops, bzr_firewalk, grunt_megastairs_3,
          minmay_shop_star
Snake:2:  layout_gridlike, uniq_jorgrun
Snake:3:  layout_rooms, serial_shops, nicolae_shop_tiny_glass, st_stairs_6,
          grunt_ministairs_1
Snake:4:  snake_pit, layout_gridlike, nicolae_triple_integral
Slime:1:  layout_caves
Slime:2:  cheibrodos_slime_lost_civilization_10, layout_caves
Slime:3:  layout_caves
Slime:4:  layout_caves
Slime:5:  slime_pit_nicolae_jellycorners
Orc:1:    layout_diamond_mine, mines3_lemuel
Orc:2:    kennysheep_orc_mage_school, layout_diamond_mine
Elf:1:    layout_loops_corners, serial_shops, shop, shop, shop_scrolls,
          nicolae_diamond_shop, minmay_elf_crystal_heptagon
Elf:2:    nicolae_elf_blades_crystal_corner, layout_gridlike
Elf:3:    minmay_elf_hall_dome, layout_geoelf_castle,
          gammafunk_ghost_berserking_beasts
Vaults:1: mu_enter_wizlab_4, v_pattern_1, ontoclasm_vaults_gallery,
          nicolae_vaults_three_branches, nicolae_vaults_trapezoid_4,
          ontoclasm_vaults_pinch, ontoclasm_vaults_loading_screen,
          layout_vaults_chaotic_city
Vaults:2: hangedman_vaults_nodes, grunt_vaults_hallway_short,
          nicolae_vaults_offset_grid_hallway_3,
          nicolae_vaults_trapezoid_lopsided_3, hangedman_vaults_locks,
          nicolae_vaults_little_squares_3, v_alt_pattern_5,
          minmay_crypt_entry_simple_round, vaults_dpeg_diagonal,
          nicolae_vaults_border_crossing, nicolae_vaults_little_squares_4,
          ontoclasm_vaults_decontamination, v_misc_3,
          nicolae_vaults_tetromino_Z_1, vaults_standard_mumra_lines,
          layout_vaults_maze_snakey, serial_shops, shop,
          nicolae_shop_tiny_glass, nicolae_shop_just_a_little_nook
Vaults:3: st_lattice, nicolae_vaults_weapon_check, grunt_vaults_hallway_long,
          nicolae_vaults_closet_pinwheel_3, nicolae_vaults_big_ls,
          nicolae_vaults_rhombus_6, nicolae_vaults_prndl,
          dpeg_vaults_monster_box, vaults_room_stairs_pillars,
          layout_vaults_quadrants
Vaults:4: hangedman_vaults_variations, nicolae_vaults_network_star, v_misc_27,
          v_alt_pattern_3, grunt_vaults_focal, nicolae_vaults_branching_niches,
          v_misc_10, nicolae_vaults_sesquioval_fish, hangedman_vaults_maws,
          nicolae_vaults_oval_intersection, layout_vaults_omnicross,
          serial_shops, nicolae_shop_tiny_statue_garden
Vaults:5: uniq_jory
Crypt:1:  layout_regular_city, ebering_ghost_inner_flame, lemuel_statue_altar,
          nicolae_crypt_lounge_for_the_living, grunt_megastairs_4,
          grunt_crypt_arrival_split
Crypt:2:  layout_gridlike
Crypt:3:  grunt_crypt_end_deaths_head
Tomb:1
Tomb:2
Tomb:3
Depths:1: layout_gridlike, special_room [special_room_mythical_zoo],
          serial_curves, eino_curves_02, eino_curves_04,
          hangedman_abyss_or_decor_lesser_grid, hell_entry, uniq_nikola
Depths:2: kennysheep_blocky_hall, layout_gridlike, enter_ziggurat_b,
          gammafunk_ghost_grave, grunt_pan_entry_spiral, grunt_decor_resistance,
          abyss_entry_crystal, pf_coc_iceberg
Depths:3: dreamdust_merry_men, layout_gridlike, hell_entry,
          minmay_room_of_horrors, uniq_frederick
Depths:4: evilmike_zot_entry_castle, layout_gridlike,
          minmay_misc_feat_diagonals, pf_hell_entry_tar_spiral,
          abyss_entry_flame_altar, uniq_xtahua
Hell
Dis:1:    layout_gridville
Dis:2:    layout_gridville, nicolae_dis_big_boring_drill
Dis:3:    layout_subdivisions
Dis:4:    layout_overlapping_boxes
Dis:5:    layout_regular_city, nicolae_dis_metal_lava_thing
Dis:6:    layout_regular_city
Dis:7:    iron_city_of_dis [dis_old, dis_wall_6], layout_gridville
Geh:1:    layout_gehenna_pools_box
Geh:2:    layout_gehenna_lava_caves
Geh:3:    layout_gehenna_pools_triple, nicolae_hells_seeping_fissure
Geh:4:    layout_gehenna_lava_caves, nicolae_geh_lavax
Geh:5:    nicolae_geh_split_lavaduct, layout_gehenna_lava_caves
Geh:6:    layout_gehenna_pools_box, nicolae_geh_fiery_graves
          [nicolae_geh_single_fiery_grave, nicolae_geh_single_fiery_grave,
          nicolae_geh_single_fiery_grave, nicolae_geh_single_fiery_grave,
          nicolae_geh_single_fiery_grave, nicolae_geh_single_fiery_grave,
          nicolae_geh_single_fiery_grave, nicolae_geh_single_fiery_grave,
          nicolae_geh_single_fiery_grave]
Geh:7:    evilmike_geh
Coc:1:    layout_ice_bergs
Coc:2:    layout_cocytus_water_paths, serial_ice
Coc:3:    layout_cocytus_delve
Coc:4:    layout_cocytus_water_paths
Coc:5:    layout_cocytus_water_paths, serial_ice
Coc:6:    layout_ice_bergs
Coc:7:    coc_dpeg
Tar:1:    minmay_shadows, layout_grid_maze
Tar:2:    layout_cathedral_of_symmetry, nicolae_tar_honey_rotating
Tar:3:    layout_cathedral_of_symmetry, nicolae_tar_cuneiform_city
Tar:4:    layout_honeycomb, nicolae_tar_cuneiform_heaven
Tar:5:    layout_grid_maze
Tar:6:    layout_cathedral_of_symmetry, nicolae_hells_hurtin_island
Tar:7:    tar_mu [tar_mu_maze]
Zot:1:    lemuel_draconian_sentries, layout_gridlike,
          regret_index_zotdec_dark_gr
Zot:2:    layout_misc_corridors, ebering_ghost_disaster_area,
          nicolae_diode_quadrants
Zot:3:    layout_onion, grunt_ministairs_13
Zot:4:    layout_misc_corridors, gammafunk_ghost_split,
          regret_index_zotdec_under_construction, st_stairs_5, uniq_josephina
Zot:5:    layout_cathedral_of_symmetry

Skill      XL: |  1  2  3  4  5  6  7  8  9 10 11 12 13 14 15 16 17 18 19 20 21 22 23 24 25 26 27 |
---------------+----------------------------------------------------------------------------------+-----
Maces & Flails | 3 4 5 7 8 10 12 14 15 16 27 | 27.0
Fighting       | 4 5 6 7 8 10 11 12 14 15 16 17 18 20 22 24 25 27 | 27.0
Armour         | 4 5 6 7 8 9 10 12 13 14 15 16 17 19 21 23 27 | 27.0
Shields        | 4 5 7 8 11 12 13 15 16 18 20 21 23 24 25 27 | 27.0
Dodging        | 1 2 3 4 5 6 7 9 11 12 26 | 26.2
Invocations    | 1 4 6 8 10 11 13 14 15 16 17 18 20 21 22 27 | 27.0
Evocations     | 1 5 22 | 22.7
Conjurations   | 2 |  2.4
Ice Magic      | 1 |  1.8
Earth Magic    | 1 |  1.9
Alchemy        | 2 |  2.0
Polearms       | 1 |  1.1
Ranged Weapons | 1 |  1.0
Short Blades   | 2 |  2.0
Translocations | 1 |  1.4
Necromancy     | 1 |  1.6
Hexes          | 1 |  1.8
Fire Magic     | 1 |  1.5
Air Magic      | 1 |  1.4
Throwing       | 1 |  1.7
Summonings     | 1 |  1.7
Shapeshifting  | 1 |  1.4
Long Blades    | 1 |  1.3

Action                     |  1- 3 |  4- 6 |  7- 9 | 10-12 | 13-15 | 16-18 | 19-21 | 22-24 | 25-27 || total
---------------------------+-------+-------+-------+-------+-------+-------+-------+-------+-------++-------
  Melee: Flail             |    81 |   172 |   492 |   738 |       |       |       |       |       ||  1483
         Morningstar       |       |       |       |   387 |       |       |       |       |       ||   387
         Mace              |       |       |       |   274 |   483 |       |       |       |       ||   757
         Eveningstar       |       |       |       |       |  1094 |  1470 |  1583 |  1903 |  1506 ||  7556
         Unarmed           |       |       |       |       |       |       |    19 |       |     7 ||    26
         Sacred scourge    |       |       |       |       |       |       |       |       |  6049 ||  6049
 Invoke: Recite            |       |       |     2 |     5 |       |       |       |       |       ||     7
         Summon Divine War |       |       |       |       |       |     1 |     1 |     1 |    17 ||    20
         Cleansing Flame   |       |       |       |       |       |       |     5 |     7 |    99 ||   111
         Brand Weapon With |       |       |       |       |       |       |       |       |     1 ||     1
  Evoke: Wand              |       |       |       |     8 |     4 |       |     2 |       |    42 ||    56
         Phial of floods   |       |       |       |       |     1 |       |       |       |       ||     1
    Use: Scroll            |       |       |    10 |     9 |     8 |     9 |     6 |     5 |    22 ||    69
         Potion            |       |       |     3 |     5 |     1 |     1 |       |       |    41 ||    51
   Stab: Confused          |       |       |       |     3 |       |       |       |       |       ||     3
 Armour: Scale mail        |    77 |    37 |       |       |       |     2 |       |       |       ||   116
         Chain mail        |       |    96 |   532 |   835 |   964 |   164 |       |       |       ||  2591
         Plate armour      |       |       |       |       |       |   577 |   835 |   906 |   215 ||  2533
         Skin              |       |       |       |       |       |       |     5 |       |     1 ||     6
         Gold dragon scale |       |       |       |       |       |       |       |       |  3076 ||  3076
  Dodge: Dodged            |    36 |    79 |   280 |   829 |   898 |   627 |   627 |   590 |  1983 ||  5949
         Repelled          |       |       |       |    11 |     5 |    38 |    11 |    36 |       ||   101
  Block: Buckler           |    19 |    38 |   184 |   657 |   508 |       |       |       |       ||  1406
         Kite shield       |       |       |       |       |   379 |  1389 |  1662 |  1636 |  7595 || 12661
         Reflection        |       |       |       |       |       |       |       |    11 |   195 ||   206
